Workbook

Sheet ORÇAMENTO
B1: PLANO INTEGRADO DE URBANIZAÇÃO E REGULARIZAÇÃO FUNDIÁRIA IPÊ AMARELO, VILA ESPERANÇA E VILA ESTALEIRO ANEXO 3.1 – PLANILHA ORÇAMENTÁRIA: VILA ESTALEIRO
A2: FASE | B2: PRODUTO | C2: QUANTIDADE | D2: UNIDADE | E2: CUSTO UNITÁRIO | F2: CUSTO TOTAL | G2: MÊS DE DESEMBOLSO | H2: PERCENTUAL DO CONTRATO
A3: ETAPA 01 - PLANEJAMENTO DA URBANIZAÇÃO E REGULARIZAÇÃO FUNDIÁRIA
A4: LEVANTAMENTO SITUACIONAL E PESQUISA DOMINIAL | B4: Relatório de Levantamento Situacional | C4: 1 | D4: unidade | E4: =F4 -> 31395.15 | F4: ='MEMÓRIA DE CÁLCULO'!S4 -> 31395.15 | G4: 2 | H4: =F4/$F$32 -> 0.0094703694
B5: Plano de Mobilização, Organização e Capacitação Social | C5: 1 | D5: unidade | E5: =F5 -> 7802.23 | F5: ='MEMÓRIA DE CÁLCULO'!S11 -> 7802.23 | G5: 2 | H5: =F5/$F$32 -> 0.0023535482
B6: Relatório de Pesquisa Dominial e Cartorária | C6: 1 | D6: unidade | E6: =F6 -> 21463.95 | F6: ='MEMÓRIA DE CÁLCULO'!S13 -> 21463.95 | G6: 3 | H6: =F6/$F$32 -> 0.0064746158
A7: ATUALIZAÇÃO DA BASE CARTOGRÁFICA | B7: Levantamento Planialtimétrico Cadastral | C7: ='MEMÓRIA DE CÁLCULO'!D17 -> 701280 | D7: m² | E7: ='MEMÓRIA DE CÁLCULO'!L17 -> 2.84 | F7: ='MEMÓRIA DE CÁLCULO'!S17 -> 1991635.2 | G7: 7 | H7: =F7/$F$32 -> 0.60077818
B8: Base Cartográfica Atualizada | C8: 1 | D8: unidade | E8: =F8 -> 139621.6 | F8: ='MEMÓRIA DE CÁLCULO'!S18 -> 139621.6 | G8: 8 | H8: =F8/$F$32 -> 0.042116955
A9: SELAGEM E CADASTRO SOCIOECONÔMICO E FUNDIÁRIO | B9: Relatório da fase de Selagem e Cadastro Socioeconômico e Fundiário, incluindo como anexo o arquivo digital do Banco de Dados Preliminar e os prontuários separados por selo | C9: 1 | D9: unidade | E9: =F9 -> 260214.93 | F9: ='MEMÓRIA DE CÁLCULO'!S22 -> 260214.93 | G9: 11 | H9: =F9/$F$32 -> 0.078494019
A10: DIAGNÓSTICOS | B10: Diagnóstico Setorial Jurídico | C10: 1 | D10: unidade | E10: =F10 -> 11072.16 | F10: ='MEMÓRIA DE CÁLCULO'!S28 -> 11072.16 | G10: 15 | H10: =F10/$F$32 -> 0.003339925
B11: Diagnóstico Setorial dos Aspectos Físico-Urbano-Ambientais | C11: 1 | D11: unidade | E11: =F11 -> 90966.05 | F11: ='MEMÓRIA DE CÁLCULO'!S30 -> 90966.05 | G11: 15 | H11: =F11/$F$32 -> 0.027439974
B12: Diagnóstico Setorial dos Aspectos Socioeconômico Organizativos | C12: 1 | D12: unidade | E12: =F12 -> 8872.76 | F12: ='MEMÓRIA DE CÁLCULO'!S33 -> 8872.76 | G12: 15 | H12: =F12/$F$32 -> 0.0026764744
B13: Diagnóstico Integrado | C13: 1 | D13: unidade | E13: =F13 -> 26123.73 | F13: ='MEMÓRIA DE CÁLCULO'!S35 -> 26123.73 | G13: 16 | H13: =F13/$F$32 -> 0.0078802418
A14: PROPOSTAS DE SOLUÇÃO DAS DESCONFORMIDADES | B14: Relatório de Cenário de Intervenção Integrada | C14: 1 | D14: unidade | E14: =F14 -> 28478.29 | F14: ='MEMÓRIA DE CÁLCULO'!S41 -> 28478.29 | G14: 17 | H14: =F14/$F$32 -> 0.0085904965
B15: Propostas de Intervenção Físico-Urbano-Ambientais | C15: 1 | D15: unidade | E15: =F15 -> 74918.22 | F15: ='MEMÓRIA DE CÁLCULO'!S45 -> 74918.22 | G15: 19 | H15: =F15/$F$32 -> 0.022599134
B16: Propostas de Intervenção Socioeconômico-Organizativas | C16: 1 | D16: unidade | E16: =F16 -> 5847.12 | F16: ='MEMÓRIA DE CÁLCULO'!S50 -> 5847.12 | G16: 19 | H16: =F16/$F$32 -> 0.0017637879
B17: Propostas de Intervenção Jurídico-Legais | C17: 1 | D17: unidade | E17: =F17 -> 12206.57 | F17: ='MEMÓRIA DE CÁLCULO'!S52 -> 12206.57 | G17: 19 | H17: =F17/$F$32 -> 0.0036821205
B18: Estimativas de Custos de Urbanização | C18: 1 | D18: unidade | E18: =F18 -> 19293.6 | F18: ='MEMÓRIA DE CÁLCULO'!S55 -> 19293.6 | G18: 20 | H18: =F18/$F$32 -> 0.0058199282
B19: Hierarquização de Ações e Obras | C19: 1 | D19: unidade | E19: =F19 -> 16143.85 | F19: ='MEMÓRIA DE CÁLCULO'!S56 -> 16143.85 | G19: 20 | H19: =F19/$F$32 -> 0.0048698039
A20: ETAPA 02 – PROJETO DE REGULARIZAÇÃO FUNDIÁRIA SUSTENTÁVEL
A21: REGULARIZAÇÃO FUNDIÁRIA URBANA REURB | B21: Relatório elucidativo dos procedimentos técnicos e administrativos referentes à Demarcação Urbanística | C21: 1 | D21: unidade | E21: =F21 -> 31248.91 | F21: ='MEMÓRIA DE CÁLCULO'!S61 -> 31248.91 | G21: 21 | H21: =F21/$F$32 -> 0.009426256
B22: Projeto de Parcelamento preliminar | C22: 1 | D22: unidade | E22: =F22 -> 44501.22 | F22: ='MEMÓRIA DE CÁLCULO'!S69 -> 44501.22 | G22: 22 | H22: =F22/$F$32 -> 0.013423825
B23: Listagem preliminar das unidades e beneficiários | C23: 1 | D23: unidade | E23: =F23 -> 6155.11 | F23: ='MEMÓRIA DE CÁLCULO'!S71 -> 6155.11 | G23: 22 | H23: =F23/$F$32 -> 0.0018566933
B24: Relatório demonstrativo do Plantão de Conferência Documental e Parcelamento | C24: 1 | D24: unidade | E24: =F24 -> 227013.05 | F24: ='MEMÓRIA DE CÁLCULO'!S72 -> 227013.05 | G24: 24 | H24: =F24/$F$32 -> 0.068478648
B25: Projeto de Regularização Fundiária | C25: 1 | D25: unidade | E25: =F25 -> 75812.18 | F25: ='MEMÓRIA DE CÁLCULO'!S75 -> 75812.18 | G25: 24 | H25: =F25/$F$32 -> 0.022868798
B26: Relatório demonstrativo do Plantão Pré-Titulação | C26: 1 | D26: unidade | E26: =F26 -> 116859.72 | F26: ='MEMÓRIA DE CÁLCULO'!S77 -> 116859.72 | G26: 25 | H26: =F26/$F$32 -> 0.035250818
B27: Banco de Dados Consolidado | C27: 1 | D27: unidade | E27: =F27 -> 5606.77 | F27: ='MEMÓRIA DE CÁLCULO'!S80 -> 5606.77 | G27: 26 | H27: =F27/$F$32 -> 0.0016912862
A28: TITULAÇÃO | B28: Registro da CRF no Cartório de Registro de Imóveis | C28: 1 | D28: unidade | E28: =F28 -> 13726.07 | F28: ='MEMÓRIA DE CÁLCULO'!S82 -> 13726.07 | G28: 28 | H28: =F28/$F$32 -> 0.0041404788
B29: Certidões de registro dos títulos individualizados | C29: 1 | D29: unidade | E29: =F29 -> 19803.22 | F29: ='MEMÓRIA DE CÁLCULO'!S84 -> 19803.22 | G29: 29 | H29: =F29/$F$32 -> 0.0059736554
B30: Documentos finais sistematizados | C30: 1 | D30: unidade | E30: =F30 -> 8942.81 | F30: ='MEMÓRIA DE CÁLCULO'!S88 -> 8942.81 | G30: 30 | H30: =F30/$F$32 -> 0.002697605
B31: Relatório síntese do resultado das assembleias de entrega de títulos | C31: 1 | D31: unidade | E31: =F31 -> 19367.98 | F31: ='MEMÓRIA DE CÁLCULO'!S90 -> 19367.98 | G31: 30 | H31: =F31/$F$32 -> 0.005842365
A32: TOTAL | F32: =SUM(F4:F19,F21:F31) -> 3315092.5 | H32: 1

Sheet CRONOGRAMA FISICO FINANC
A1: PLANO INTEGRADO DE URBANIZAÇÃO E REGULARIZAÇÃO FUNDIÁRIA IPÊ AMARELO, VILA ESPERANÇA E VILA ESTALEIRO ANEXO 3.2 – CRONOGRAMA FÍSICO-FINANCEIRO: VILA ESTALEIRO
A2: FASE | B2: ATIVIDADE | C2: PRODUTO | D2: 1 | E2: 2 | F2: 3 | G2: 4 | H2: 5 | I2: 6 | J2: 7 | K2: 8 | L2: 9 | M2: 10 | N2: 11 | O2: 12 | P2: 13 | Q2: 14 | R2: 15 | S2: 16 | T2: 17 | U2: 18 | V2: 19 | W2: 20 | X2: 21 | Y2: 22 | Z2: 23 | AA2: 24 | AB2: 25 | AC2: 26 | AD2: 27 | AE2: 28 | AF2: 29 | AG2: 30
A3: ETAPA 01 - PLANEJAMENTO DA URBANIZAÇÃO E REGULARIZAÇÃO FUNDIÁRIA
A4: LEVANTAMENTO SITUACIONAL E PESQUISA DOMINIAL | B4: Vistoria técnica multidisciplinar | C4: Relatório de Levantamento Situacional | E4: ='MEMÓRIA DE CÁLCULO'!S4 -> 31395.15
B6: Sistematização das informações
B8: Trabalho Técnico Social
B9: Plano de Mobilização, Organização e Capacitação Social | C9: Plano de Mobilização, Organização e Capacitação Social | E9: ='MEMÓRIA DE CÁLCULO'!S11 -> 7802.23
B10: Trabalho Técnico Social
B11: Pesquisa Cartorária | C11: Relatório de Pesquisa Dominial e Cartorária | F11: ='MEMÓRIA DE CÁLCULO'!S13 -> 21463.95
B12: Quadro dominial
B14: =SUM(E4,E9,F11) -> 60661.33
A15: ATUALIZAÇÃO DA BASE CARTOGRÁFICA | B15: Levantamento Planialtimétrico Cadastral | C15: Levantamento Planialtimétrico Cadastral | J15: ='MEMÓRIA DE CÁLCULO'!S17 -> 1991635.2
B16: Atualização da Base | C16: Base Cartográfica Atualizada | K16: ='MEMÓRIA DE CÁLCULO'!S18 -> 139621.6
B17: Trabalho Técnico Social
B18: =SUM(J15,K16) -> 2131256.8
A19: SELAGEM E CADASTRO SOCIOECONÔMICO E FUNDIÁRIO | B19: Contagem de Domicílio e Selagem | C19: Relatório da fase de Selagem e Cadastro Socioeconômico e Fundiário, incluindo como anexo o arquivo digital do Banco de Dados Preliminar e os prontuários separados por selo | N19: ='MEMÓRIA DE CÁLCULO'!S22 -> 260214.93
B20: Aplicação de Cadastro
B21: Montagem de Banco de Dados
B22: Trabalho Técnico Social
B23: =SUM(N19) -> 260214.93
A24: DIAGNÓSTICO | B24: Jurídico | C24: Diagnóstico Setorial Jurídico | R24: ='MEMÓRIA DE CÁLCULO'!S28 -> 11072.16
B25: Trabalho Técnico Social
B26: Físico-Urbano-Ambiental | C26: Diagnóstico Setorial dos Aspectos Físico-Urbano-Ambientais | R26: ='MEMÓRIA DE CÁLCULO'!S30 -> 90966.05
B27: Trabalho Técnico Social
B28: Socioeconômico-Organizativo | C28: Diagnóstico Setorial dos Aspectos Socioeconômico Organizativos | R28: ='MEMÓRIA DE CÁLCULO'!S33 -> 8872.76
B29: Trabalho Técnico Social
B30: Integrado | C30: Diagnóstico Integrado | S30: ='MEMÓRIA DE CÁLCULO'!S35 -> 26123.73
B31: Trabalho Técnico Social
B32: =SUM(R24,R26,R28,R30,S30) -> 137034.7
A33: PROPOSTAS DE SOLUÇÃO DAS DESCONFORMIDADES | B33: Estudo de Cenário de Intervenção Integrada | C33: Relatório de Cenário de Intervenção Integrada | T33: ='MEMÓRIA DE CÁLCULO'!S41 -> 28478.29
B34: Trabalho Técnico Social
B35: Propostas de Intervenção Físico-Urbano-Ambiental | C35: Propostas de Intervenção Físico-Urbano-Ambiental | V35: ='MEMÓRIA DE CÁLCULO'!S45 -> 74918.22
B36: Plano de Intervenção Integrada
B37: Trabalho Técnico Social
B38: Propostas de Interevenção Socioeconômica-Organizativa | C38: Propostas de Interevenção Socioeconômica-Organizativa | V38: ='MEMÓRIA DE CÁLCULO'!S50 -> 5847.12
B39: Trabalho Técnico Social
B40: Propostas de Intervenção Jurídico-Legais | C40: Propostas de Intervenção Jurídico-Legais | V40: ='MEMÓRIA DE CÁLCULO'!S52 -> 12206.57
B41: Plano de Regularização Fundiária
B42: Trabalho Técnico Social
B43: Estimativa de custos de Urbanização | C43: Estimativa de custos de Urbanização | W43: ='MEMÓRIA DE CÁLCULO'!S55 -> 19293.6
B44: Hierarquização de Ações e Obras | C44: Hierarquização de Ações e Obras | W44: ='MEMÓRIA DE CÁLCULO'!S56 -> 16143.85
B45: Trabalho Técnico Social
B46: =SUM(T33,V35,V38,V40,W43,W44) -> 156887.65
A47: ETAPA 02 – PROJETO DE REGULARIZAÇÃO FUNDIÁRIA SUSTENTÁVEL
A48: REGULARIZAÇÃO FUNDIÁRIA URBANA REURB | B48: Auto de Demarcação Urbanística | C48: Relatório elucidativo dos procedimentos técnicos e administrativos referentes à Demarcação Urbanística | X48: ='MEMÓRIA DE CÁLCULO'!S61 -> 31248.91
B49: Notificações dos titulares de domínio e confrontantes
B50: Lavratura dos autos e averbação
B51: Trabalho Técnico Social
B52: Elaboração do projeto de parcelamento preliminar e memorial descritivo da área a ser regularizada | C52: Projeto de Parcelamento preliminar | Y52: ='MEMÓRIA DE CÁLCULO'!S69 -> 44501.22
B53: Elaboração da listagem preliminar das unidades e beneficiários | C53: Listagem preliminar das unidades e beneficiários | Y53: ='MEMÓRIA DE CÁLCULO'!S71 -> 6155.11
B54: Plantão de Conferência Documental e Parcelamento | C54: Relatório demonstrativo do Plantão de Conferência Documental e Parcelamento | AA54: ='MEMÓRIA DE CÁLCULO'!S72 -> 227013.05
B55: Consolidação do Projeto de Regularização Fundiária - PRF | C55: Projeto de Regularização Fundiária | AA55: ='MEMÓRIA DE CÁLCULO'!S75 -> 75812.18
B56: Trabalho Técnico Social
B57: Plantão Pré-Titulação | C57: Relatório demonstrativo do Plantão Pré-Titulação | AB57: ='MEMÓRIA DE CÁLCULO'!S77 -> 116859.72
B58: Consolidação do Banco de Dados | C58: Banco de Dados Consolidado | AC58: ='MEMÓRIA DE CÁLCULO'!S80 -> 5606.77
B59: =SUM(X48,Y52:AC58) -> 507196.96
A60: TITULAÇÃO | B60: Elaboração da CRF e protocolo no cartório de registro de imóveis | C60: Registro da CRF no Cartório de Registro de Imóveis | AE60: ='MEMÓRIA DE CÁLCULO'!S82 -> 13726.07
B61: Trabalho Técnico Social
B62: Resolução das pendências cartorárias | C62: Certidões de registro dos títulos individualizados | AF62: ='MEMÓRIA DE CÁLCULO'!S84 -> 19803.22
B63: Trabalho Técnico Social
B64: Atualização do Banco de Dados | C64: Documentos finais sistematizados | AG64: ='MEMÓRIA DE CÁLCULO'!S88 -> 8942.81
B65: Consolidação dos dossiês individuais por domicílio
B66: Assembleia de Encerramento e Titulação | C66: Relatório síntese do resultado das assembleias de entrega de títulos | AG66: ='MEMÓRIA DE CÁLCULO'!S90 -> 19367.98
B67: =AE60+AF62+AG64+AG66 -> 61840.08
A68: GERAL – COMUM ÀS ETAPAS 01 E 02
A69: POSTO DE APOIO NO LOCAL | B69: Atendimento por Técnico Social | C69: Medição bimestral separada dos produtos | E69: =('MEMÓRIA DE CÁLCULO'!$S$96+'MEMÓRIA DE CÁLCULO'!$S$97)/12 -> #REF! | G69: =('MEMÓRIA DE CÁLCULO'!$S$96+'MEMÓRIA DE CÁLCULO'!$S$97)/12 -> #REF! | I69: =('MEMÓRIA DE CÁLCULO'!$S$96+'MEMÓRIA DE CÁLCULO'!$S$97)/12 -> #REF! | K69: =('MEMÓRIA DE CÁLCULO'!$S$96+'MEMÓRIA DE CÁLCULO'!$S$97)/12 -> #REF! | M69: =('MEMÓRIA DE CÁLCULO'!$S$96+'MEMÓRIA DE CÁLCULO'!$S$97)/12 -> #REF! | O69: =('MEMÓRIA DE CÁLCULO'!$S$96+'MEMÓRIA DE CÁLCULO'!$S$97)/12 -> #REF! | Q69: =('MEMÓRIA DE CÁLCULO'!$S$96+'MEMÓRIA DE CÁLCULO'!$S$97)/12 -> #REF! | S69: =('MEMÓRIA DE CÁLCULO'!$S$96+'MEMÓRIA DE CÁLCULO'!$S$97)/12 -> #REF! | U69: =('MEMÓRIA DE CÁLCULO'!$S$96+'MEMÓRIA DE CÁLCULO'!$S$97)/12 -> #REF! | W69: =('MEMÓRIA DE CÁLCULO'!$S$96+'MEMÓRIA DE CÁLCULO'!$S$97)/12 -> #REF! | Y69: =('MEMÓRIA DE CÁLCULO'!$S$96+'MEMÓRIA DE CÁLCULO'!$S$97)/12 -> #REF! | AA69: =('MEMÓRIA DE CÁLCULO'!$S$96+'MEMÓRIA DE CÁLCULO'!$S$97)/12 -> #REF!
B70: Locação de imóvel (incluídos impostos e taxas) | C70: Medição bimestral separada dos produtos
B71: =SUM(E69:AA70) -> #REF!
A72: DESEMBOLSOS TOTAIS | E72: =SUM(E4:E46,E48:E67) -> 39197.38 | F72: =F11 -> 21463.95 | J72: =J15 -> 1991635.2 | K72: =SUM(K4:K46,K48:K67) -> 139621.6 | N72: =N19 -> 260214.93 | R72: =SUM(R4:R46,R48:R67) -> 110910.97 | S72: =SUM(S4:S46,S48:S67) -> 26123.73 | T72: =SUM(T4:T46,T48:T67) -> 28478.29 | V72: =SUM(V4:V45) -> 92971.91 | W72: =SUM(W4:W46,W48:W67) -> 35437.45 | X72: =SUM(X4:X46,X48:X67) -> 31248.91 | Y72: =SUM(Y4:Y46,Y48:Y67) -> 50656.33 | AA72: =SUM(AA4:AA46,AA48:AA67) -> 302825.23 | AB72: =AB57 -> 116859.72 | AC72: =AC58 -> 5606.77 | AE72: =AE60 -> 13726.07 | AF72: =AF62 -> 19803.22 | AG72: =AG64+AG66 -> 28310.79 | AH72: =SUM(D72:AG72) -> 3315092.5
A73: PERCENTUAL DO CONTRATO | E73: =E72/$AH$72 -> 0.011823918 | F73: =F72/$AH$72 -> 0.0064746158 | J73: =J72/$AH$72 -> 0.60077818 | K73: =K72/$AH$72 -> 0.042116955 | N73: =N72/$AH$72 -> 0.078494019 | R73: =R72/$AH$72 -> 0.033456373 | S73: =S72/$AH$72 -> 0.0078802418 | T73: =T72/$AH$72 -> 0.0085904965 | V73: =V72/$AH$72 -> 0.028045043 | W73: =W72/$AH$72 -> 0.010689732 | X73: =X72/$AH$72 -> 0.009426256 | Y73: =Y72/$AH$72 -> 0.015280518 | AA73: =AA72/$AH$72 -> 0.091347446 | AB73: =AB72/$AH$72 -> 0.035250818 | AC73: =AC72/$AH$72 -> 0.0016912862 | AE73: =AE72/$AH$72 -> 0.0041404788 | AF73: =AF72/$AH$72 -> 0.0059736554 | AG73: =AG72/$AH$72 -> 0.00853997
C74: REPASSE | E74: =E72 -> 39197.38 | F74: =F72 -> 21463.95 | J74: 1558903.9 | K74: 10520.49 | N74: =N72 -> 260214.93 | R74: 0 | S74: =S72 -> 26123.73 | T74: =T72 -> 28478.29 | V74: =V72 -> 92971.91 | W74: =W72 -> 35437.45 | X74: =X72 -> 31248.91 | Y74: =Y72 -> 50656.33 | AA74: =AA72 -> 302825.23 | AB74: =AB72 -> 116859.72 | AC74: =AC72 -> 5606.77 | AE74: =AE72 -> 13726.07 | AF74: =AF72 -> 19803.22 | AG74: =AG72 -> 28310.79
C75: CONTRPARTIDA | E75: 0 | F75: 0 | J75: =J72-J74 -> 432731.28 | K75: =K72-K74 -> 129101.11 | N75: 0 | R75: =R72 -> 110910.97 | S75: 0 | T75: 0 | V75: 0 | W75: 0 | X75: 0 | Y75: 0 | AA75: 0 | AB75: 0 | AC75: 0 | AE75: 0 | AF75: 0 | AG75: 0
A76: DESEMBOLSO ACUMULADO | D76: =D72 -> 0 | E76: =D76+E72 -> 39197.38 | F76: =E76+F72 -> 60661.33 | G76: =F76+G72 -> 60661.33 | H76: =G76+H72 -> 60661.33 | I76: =H76+I72 -> 60661.33 | J76: =I76+J72 -> 2052296.5 | K76: =J76+K72 -> 2191918.1 | L76: =K76+L72 -> 2191918.1 | ... AG76: =AF76+AG72 -> 3315092.5
A77: PERCENTUAL ACUMULADO | D77: =D73 -> 0 | E77: =D77+E73 -> 0.011823918 | F77: =E77+F73 -> 0.018298533 | G77: =F77+G73 -> 0.018298533 | H77: =G77+H73 -> 0.018298533 | I77: =H77+I73 -> 0.018298533 | J77: =I77+J73 -> 0.61907671 | K77: =J77+K73 -> 0.66119367 | L77: =K77+L73 -> 0.66119367 | ... AG77: =AF77+AG73 -> 1

Sheet MEMÓRIA DE CÁLCULO
A1: PLANO INTEGRADO DE URBANIZAÇÃO E REGULARIZAÇÃO FUNDIÁRIA IPÊ AMARELO, VILA ESPERANÇA E VILA ESTALEIRO ANEXO 3.3 – MEMÓRIA DE CÁLCULO: VILA ESTALEIRO
A2: FASE | B2: PRODUTO | C2: ATIVIDADE | D2: QUANTIDADE | E2: UNIDADE | F2: QUANTIDADE DE PROFISSIONAIS | G2: PROFISSIONAIS | H2: REFERÊNCIA | I2: CÓDIGO | J2: CUSTO UNITÁRIO | K2: FATOR DE PREÇO | L2: CUSTO C/ FATOR DE PREÇO | M2: TOTAL S/ DESPESAS COMPLEMENTARES POR ATIVIDADE | N2: TOTAL S/ DESPESAS COMPLEMENTARES E S/ COORDENAÇÃO POR PRODUTO | O2: PROPORCIONAL COORDENAÇÃO | P2: PROPORCIONAL COORDENAÇÃO POR PRODUTO | Q2: TOTAL S/ DESPESAS COMPLEMENTARES POR PRODUTO | R2: DESPESAS COMPLEMENTARES POR PRODUTO CONFORME ANEXO 3.3.2 | S2: TOTAL C/ DESPESAS COMPLEMENTARES POR PRODUTO | T2: PERCENTUAL DO TOTAL S/ DESP. COMP. E SEM COORD. | U2: PERCENTUAL DA ETAPA
A3: ETAPA 01 - PLANEJAMENTO DA URBANIZAÇÃO E REGULARIZAÇÃO FUNDIÁRIA
A4: LEVANTAMENTO SITUACIONAL E PESQUISA DOMINIAL | B4: Relatório de Levantamento Situacional | C4: Vistoria técnica multidisciplinar | D4: 8 | E4: h | F4: 1 | G4: Arquiteto Júnior | H4: SINAPI | I4: 33939 | J4: ='COMPOSIÇÃO HORA TÉCNICA'!E6 -> 60.510171 | K4: K | L4: ='COMPOSIÇÃO HORA TÉCNICA'!F6 -> 143.35 | M4: =ROUND(D4*F4*L4,2) -> 1146.8 | N4: =SUM(M4:M10) -> 18172.84 | O4: 59.136743 | P4: =SUM(O4:O10) -> 937.11421 | Q4: =N4+P4 -> 19109.954 | R4: ='DESPESAS COMPLEMENTARES'!M3 -> 12285.2 | S4: =ROUND(Q4+R4,2) -> 31395.15 | T4: =M4/($M$16+$M$21+$M$27+$M$40+$M$59+$M$81+$M$93) -> 0.00037887292 | U4: =M4/$M$16 -> 0.027785423
D5: 8 | E5: h | F5: 1 | G5: Técnico de Nível Superior | H5: URBEL | I5: 31.40.32 | J5: ='COMPOSIÇÃO HORA TÉCNICA'!E8 -> 31.83 | K5: K | L5: ='COMPOSIÇÃO HORA TÉCNICA'!$F$8 -> 75.41 | M5: =ROUND(D5*F5*L5,2) -> 603.28 | O5: 31.109186 | T5: =M5/($M$16+$M$21+$M$27+$M$40+$M$59+$M$81+$M$93) -> 0.00019930804 | U5: =M5/$M$16 -> 0.014616664
D6: 8 | E6: h | F6: 1 | G6: Advogado Sênior | H6: DNIT | I6: P8003 | J6: ='COMPOSIÇÃO HORA TÉCNICA'!E9 -> 54.21 | K6: K | L6: ='COMPOSIÇÃO HORA TÉCNICA'!F9 -> 128.42 | M6: =ROUND(D6*F6*L6,2) -> 1027.36 | O6: 52.977611 | T6: =M6/($M$16+$M$21+$M$27+$M$40+$M$59+$M$81+$M$93) -> 0.00033941305 | U6: =M6/$M$16 -> 0.024891553
C7: Sistematização das informações | D7: 40 | E7: h | F7: 1 | G7: Arquiteto Júnior | H7: SINAPI | I7: 33939 | J7: ='COMPOSIÇÃO HORA TÉCNICA'!E6 -> 60.510171 | K7: K | L7: ='COMPOSIÇÃO HORA TÉCNICA'!F6 -> 143.35 | M7: =ROUND(D7*F7*L7,2) -> 5734 | O7: 295.68372 | T7: =M7/($M$16+$M$21+$M$27+$M$40+$M$59+$M$81+$M$93) -> 0.0018943646 | U7: =M7/$M$16 -> 0.13892712
D8: 40 | E8: h | F8: 1 | G8: Técnico de Nível Superior | H8: URBEL | I8: 31.40.32 | J8: ='COMPOSIÇÃO HORA TÉCNICA'!E8 -> 31.83 | K8: K | L8: ='COMPOSIÇÃO HORA TÉCNICA'!$F$8 -> 75.41 | M8: =ROUND(D8*F8*L8,2) -> 3016.4 | O8: 155.54593 | T8: =M8/($M$16+$M$21+$M$27+$M$40+$M$59+$M$81+$M$93) -> 0.00099654018 | U8: =M8/$M$16 -> 0.073083319
D9: 40 | E9: h | F9: 1 | G9: Advogado Sênior | H9: DNIT | I9: P8003 | J9: ='COMPOSIÇÃO HORA TÉCNICA'!E9 -> 54.21 | K9: K | L9: ='COMPOSIÇÃO HORA TÉCNICA'!F9 -> 128.42 | M9: =ROUND(D9*F9*L9,2) -> 5136.8 | O9: 264.88806 | T9: =M9/($M$16+$M$21+$M$27+$M$40+$M$59+$M$81+$M$93) -> 0.0016970652 | U9: =M9/$M$16 -> 0.12445776
C10: Trabalho Técnico Social | D10: 20 | E10: h | F10: 1 | G10: Técnico de Nível Superior | H10: URBEL | I10: 31.40.32 | J10: ='COMPOSIÇÃO HORA TÉCNICA'!E8 -> 31.83 | K10: K | L10: ='COMPOSIÇÃO HORA TÉCNICA'!$F$8 -> 75.41 | M10: =ROUND(D10*F10*L10,2) -> 1508.2 | O10: 77.772965 | T10: =M10/($M$16+$M$21+$M$27+$M$40+$M$59+$M$81+$M$93) -> 0.00049827009 | U10: =M10/$M$16 -> 0.03654166
B11: Plano de Mobilização, Organização e Capacitação Social | C11: Plano de Mobilização, Organização e Capacitação Social | D11: 40 | E11: h | F11: 1 | G11: Técnico de Nível Superior | H11: URBEL | I11: 31.40.32 | J11: ='COMPOSIÇÃO HORA TÉCNICA'!E8 -> 31.83 | K11: K | L11: ='COMPOSIÇÃO HORA TÉCNICA'!$F$8 -> 75.41 | M11: =ROUND(D11*F11*L11,2) -> 3016.4 | N11: =M11+M12 -> 4524.6 | O11: 155.54593 | P11: =O11+O12 -> 233.31889 | Q11: =N11+P11 -> 4757.9189 | R11: ='DESPESAS COMPLEMENTARES'!M16 -> 3044.31 | S11: =ROUND(Q11+R11,2) -> 7802.23 | T11: =M11/($M$16+$M$21+$M$27+$M$40+$M$59+$M$81+$M$93) -> 0.00099654018 | U11: =M11/$M$16 -> 0.073083319
C12: Trabalho Técnico Social | D12: 20 | E12: h | F12: 1 | G12: Técnico de Nível Superior | H12: URBEL | I12: 31.40.32 | J12: ='COMPOSIÇÃO HORA TÉCNICA'!E8 -> 31.83 | K12: K | L12: ='COMPOSIÇÃO HORA TÉCNICA'!$F$8 -> 75.41 | M12: =ROUND(D12*F12*L12,2) -> 1508.2 | O12: 77.772965 | T12: =M12/($M$16+$M$21+$M$27+$M$40+$M$59+$M$81+$M$93) -> 0.00049827009 | U12: =M12/$M$16 -> 0.03654166
B13: Relatório de Pesquisa Dominial e Cartorária | C13: Pesquisa Cartorária | D13: 60 | E13: h | F13: 1 | G13: Advogado Sênior | H13: DNIT | I13: P8003 | J13: ='COMPOSIÇÃO HORA TÉCNICA'!E9 -> 54.21 | K13: K | L13: ='COMPOSIÇÃO HORA TÉCNICA'!F9 -> 128.42 | M13: =ROUND(D13*F13*L13,2) -> 7705.2 | N13: =SUM(M13:M15) -> 18576 | O13: 397.33208 | P13: =SUM(O13:O15) -> 957.90386 | Q13: =N13+P13 -> 19533.904 | R13: ='DESPESAS COMPLEMENTARES'!M27 -> 1930.05 | S13: =ROUND(Q13+R13,2) -> 21463.95 | T13: =M13/($M$16+$M$21+$M$27+$M$40+$M$59+$M$81+$M$93) -> 0.0025455979 | U13: =M13/$M$16 -> 0.18668664
C14: Quadro dominial | D14: 40 | E14: h | F14: 1 | G14: Arquiteto Júnior | H14: SINAPI | I14: 33939 | J14: ='COMPOSIÇÃO HORA TÉCNICA'!E6 -> 60.510171 | K14: K | L14: ='COMPOSIÇÃO HORA TÉCNICA'!F6 -> 143.35 | M14: =ROUND(D14*F14*L14,2) -> 5734 | O14: 295.68372 | T14: =M14/($M$16+$M$21+$M$27+$M$40+$M$59+$M$81+$M$93) -> 0.0018943646 | U14: =M14/$M$16 -> 0.13892712
D15: 40 | E15: h | F15: 1 | G15: Advogado Sênior | H15: DNIT | I15: P8003 | J15: ='COMPOSIÇÃO HORA TÉCNICA'!E9 -> 54.21 | K15: K | L15: ='COMPOSIÇÃO HORA TÉCNICA'!F9 -> 128.42 | M15: =ROUND(D15*F15*L15,2) -> 5136.8 | O15: 264.88806 | T15: =M15/($M$16+$M$21+$M$27+$M$40+$M$59+$M$81+$M$93) -> 0.0016970652 | U15: =M15/$M$16 -> 0.12445776
M16: =SUM(M4:M15) -> 41273.44
A17: ATUALIZAÇÃO DA BASE CARTOGRÁFICA | B17: Levantamento Planialtimétrico Cadastral | C17: Levantamento Planialtimétrico Cadastral | D17: 701280 | E17: m² | F17: - | G17: - | H17: URBEL | I17: 18.17.01 | J17: 2.26 | K17: TRDE | L17: =ROUND(J17*'COMPOSIÇÃO HORA TÉCNICA'!C15,2) -> 2.84 | M17: =D17*L17 -> 1991635.2 | N17: =M17 -> 1991635.2 | O17: =($M$95)*$T17 -> 102652.17 | P17: 0 | Q17: =N17+P17 -> 1991635.2 | R17: 0 | S17: =ROUND(Q17+R17,2) -> 1991635.2 | T17: =M17/($M$16+$M$21+$M$27+$M$40+$M$59+$M$81+$M$93) -> 0.65798452 | U17: =M17/$M$21 -> 0.99487555
C18: Trabalho Técnico Social | D18: 40 | E18: h | F18: 1 | G18: Técnico de Nível Superior | H18: URBEL | I18: 31.40.32 | J18: ='COMPOSIÇÃO HORA TÉCNICA'!E8 -> 31.83 | K18: K | L18: ='COMPOSIÇÃO HORA TÉCNICA'!$F$8 -> 75.41 | M18: =ROUND(D18*F18*L18,2) -> 3016.4 | N18: =SUM(M18:M20) -> 10258.6 | O18: =($M$95)*$T18 -> 155.47023 | P18: 103155.19 | Q18: =N18+P18 -> 113413.79 | R18: ='DESPESAS COMPLEMENTARES'!M36+'DESPESAS COMPLEMENTARES'!M46 -> 26207.81 | S18: =ROUND(Q18+R18,2) -> 139621.6 | T18: =M18/($M$16+$M$21+$M$27+$M$40+$M$59+$M$81+$M$93) -> 0.00099654018 | U18: =M18/$M$21 -> 0.0015067732
B19: Base Cartográfica Atualizada | C19: Atualização de Base | D19: 40 | E19: h | F19: 1 | G19: Arquiteto Júnior | H19: SINAPI | I19: 33939 | J19: ='COMPOSIÇÃO HORA TÉCNICA'!E6 -> 60.510171 | K19: K | L19: ='COMPOSIÇÃO HORA TÉCNICA'!F6 -> 143.35 | M19: =ROUND(D19*F19*L19,2) -> 5734 | O19: =($M$95)*$T19 -> 295.53982 | T19: =M19/($M$16+$M$21+$M$27+$M$40+$M$59+$M$81+$M$93) -> 0.0018943646 | U19: =M19/$M$21 -> 0.0028642878
C20: Trabalho Técnico Social | D20: 20 | E20: h | F20: 1 | G20: Técnico de Nível Superior | H20: URBEL | I20: 31.40.32 | J20: ='COMPOSIÇÃO HORA TÉCNICA'!E8 -> 31.83 | K20: K | L20: ='COMPOSIÇÃO HORA TÉCNICA'!$F$8 -> 75.41 | M20: =ROUND(D20*F20*L20,2) -> 1508.2 | O20: =($M$95)*$T20 -> 77.735117 | T20: =M20/($M$16+$M$21+$M$27+$M$40+$M$59+$M$81+$M$93) -> 0.00049827009 | U20: =M20/$M$21 -> 0.00075338662
M21: =SUM(M17:M20) -> 2001893.8
A22: SELAGEM E CADASTRO SOCIOECONÔMICO E FUNDIÁRIO | B22: Relatório da fase de Selagem e Cadastro Socioeconômico e Fundiário, incluindo como anexo o arquivo digital do Banco de Dados Preliminar e os prontuários separados por selo | C22: Contagem de Domicílio e Selagem | D22: 300 | E22: h | F22: 1 | G22: Arquiteto Júnior | H22: SINAPI | I22: 33939 | J22: ='COMPOSIÇÃO HORA TÉCNICA'!E6 -> 60.510171 | K22: K | L22: ='COMPOSIÇÃO HORA TÉCNICA'!F6 -> 143.35 | M22: =ROUND(D22*F22*L22,2) -> 43005 | N22: =SUM(M22:M26) -> 226251.3 | O22: 2217.6279 | P22: =SUM(O22:O26) -> 11667.043 | Q22: =N22+P22 -> 237918.34 | R22: ='DESPESAS COMPLEMENTARES'!M56 -> 22296.59 | S22: =ROUND(Q22+R22,2) -> 260214.93 | T22: =M22/($M$16+$M$21+$M$27+$M$40+$M$59+$M$81+$M$93) -> 0.014207735 | U22: =M22/$M$27 -> 0.19007626
D23: 300 | E23: h | F23: 3 | G23: Técnico de Nível Superior | H23: URBEL | I23: 31.40.32 | J23: ='COMPOSIÇÃO HORA TÉCNICA'!E8 -> 31.83 | K23: K | L23: ='COMPOSIÇÃO HORA TÉCNICA'!$F$8 -> 75.41 | M23: =ROUND(D23*F23*L23,2) -> 67869 | O23: 3499.7834 | T23: =M23/($M$16+$M$21+$M$27+$M$40+$M$59+$M$81+$M$93) -> 0.022422154 | U23: =M23/$M$27 -> 0.29997176
C24: Aplicação de Cadastro | D24: 470 | E24: h | F24: 3 | G24: Técnico de Nível Superior | H24: URBEL | I24: 31.40.32 | J24: ='COMPOSIÇÃO HORA TÉCNICA'!E8 -> 31.83 | K24: K | L24: ='COMPOSIÇÃO HORA TÉCNICA'!$F$8 -> 75.41 | M24: =ROUND(D24*F24*L24,2) -> 106328.1 | O24: 5482.994 | T24: =M24/($M$16+$M$21+$M$27+$M$40+$M$59+$M$81+$M$93) -> 0.035128042 | U24: =M24/$M$27 -> 0.46995575
C25: Montagem de Banco de Dados | D25: 80 | E25: h | F25: 1 | G25: Técnico de Nível Superior | H25: URBEL | I25: 31.40.32 | J25: ='COMPOSIÇÃO HORA TÉCNICA'!E8 -> 31.83 | K25: K | L25: ='COMPOSIÇÃO HORA TÉCNICA'!$F$8 -> 75.41 | M25: =ROUND(D25*F25*L25,2) -> 6032.8 | O25: 311.09186 | T25: =M25/($M$16+$M$21+$M$27+$M$40+$M$59+$M$81+$M$93) -> 0.0019930804 | U25: =M25/$M$27 -> 0.026664156
C26: Trabalho Técnico Social | D26: 40 | E26: h | F26: 1 | G26: Técnico de Nível Superior | H26: URBEL | I26: 31.40.32 | J26: ='COMPOSIÇÃO HORA TÉCNICA'!E8 -> 31.83 | K26: K | L26: ='COMPOSIÇÃO HORA TÉCNICA'!$F$8 -> 75.41 | M26: =ROUND(D26*F26*L26,2) -> 3016.4 | O26: 155.54593 | T26: =M26/($M$16+$M$21+$M$27+$M$40+$M$59+$M$81+$M$93) -> 0.00099654018 | U26: =M26/$M$27 -> 0.013332078
M27: =SUM(M22:M26) -> 226251.3
A28: DIAGNÓSTICO | B28: Diagnóstico Setorial Jurídico | C28: Jurídico | D28: 60 | E28: h | F28: 1 | G28: Advogado Sênior | H28: DNIT | I28: P8003 | J28: ='COMPOSIÇÃO HORA TÉCNICA'!E9 -> 54.21 | K28: K | L28: ='COMPOSIÇÃO HORA TÉCNICA'!F9 -> 128.42 | M28: =ROUND(D28*F28*L28,2) -> 7705.2 | N28: =M28+M29 -> 8459.3 | O28: 397.33208 | P28: =SUM(O28:O29) -> 436.21857 | Q28: =N28+P28 -> 8895.5186 | R28: ='DESPESAS COMPLEMENTARES'!M69 -> 2176.64 | S28: =ROUND(Q28+R28,2) -> 11072.16 | T28: =M28/($M$16+$M$21+$M$27+$M$40+$M$59+$M$81+$M$93) -> 0.0025455979 | U28: =M28/$M$40 -> 0.064768738
C29: Trabalho Técnico Social | D29: 10 | E29: h | F29: 1 | G29: Técnico de Nível Superior | H29: URBEL | I29: 31.40.32 | J29: ='COMPOSIÇÃO HORA TÉCNICA'!E8 -> 31.83 | K29: K | L29: ='COMPOSIÇÃO HORA TÉCNICA'!$F$8 -> 75.41 | M29: =ROUND(D29*F29*L29,2) -> 754.1 | O29: 38.886482 | T29: =M29/($M$16+$M$21+$M$27+$M$40+$M$59+$M$81+$M$93) -> 0.00024913505 | U29: =M29/$M$40 -> 0.0063388498
B30: Diagnóstico Setorial dos Aspectos Físico-Urbano-Ambientais | C30: Físico-Urbano-Ambiental | D30: 140 | E30: h | F30: 2 | G30: Arquiteto Júnior | H30: SINAPI | I30: 33939 | J30: ='COMPOSIÇÃO HORA TÉCNICA'!E6 -> 60.510171 | K30: K | L30: ='COMPOSIÇÃO HORA TÉCNICA'!F6 -> 143.35 | M30: =ROUND(D30*F30*L30,2) -> 40138 | N30: =SUM(M30:M32) -> 82193.7 | O30: 2069.786 | P30: =SUM(O30:O32) -> 4238.4616 | Q30: =N30+P30 -> 86432.162 | R30: ='DESPESAS COMPLEMENTARES'!M75 -> 4533.89 | S30: =ROUND(Q30+R30,2) -> 90966.05 | T30: =M30/($M$16+$M$21+$M$27+$M$40+$M$59+$M$81+$M$93) -> 0.013260552 | U30: =M30/$M$40 -> 0.33739392
D31: 120 | E31: h | F31: 2 | G31: Engenheiro Intermediário | H31: SUDECAP | I31: 56.11.05 | J31: ='COMPOSIÇÃO HORA TÉCNICA'!E5 -> 72.64 | K31: K | L31: ='COMPOSIÇÃO HORA TÉCNICA'!F5 -> 172.09 | M31: =ROUND(D31*F31*L31,2) -> 41301.6 | O31: 2129.7891 | T31: =M31/($M$16+$M$21+$M$27+$M$40+$M$59+$M$81+$M$93) -> 0.013644975 | U31: =M31/$M$40 -> 0.34717496
C32: Trabalho Técnico Social | D32: 10 | E32: h | F32: 1 | G32: Técnico de Nível Superior | H32: URBEL | I32: 31.40.32 | J32: ='COMPOSIÇÃO HORA TÉCNICA'!E8 -> 31.83 | K32: K | L32: ='COMPOSIÇÃO HORA TÉCNICA'!$F$8 -> 75.41 | M32: =ROUND(D32*F32*L32,2) -> 754.1 | O32: 38.886482 | T32: =M32/($M$16+$M$21+$M$27+$M$40+$M$59+$M$81+$M$93) -> 0.00024913505 | U32: =M32/$M$40 -> 0.0063388498
B33: Diagnóstico Setorial dos Aspectos Socioeconômico Organizativos | C33: Socioeconômico-Organizativo | D33: 60 | E33: h | F33: 1 | G33: Técnico de Nível Superior | H33: URBEL | I33: 31.40.32 | J33: ='COMPOSIÇÃO HORA TÉCNICA'!E8 -> 31.83 | K33: K | L33: ='COMPOSIÇÃO HORA TÉCNICA'!$F$8 -> 75.41 | M33: =ROUND(D33*F33*L33,2) -> 4524.6 | N33: =M33+M34 -> 6032.8 | O33: 233.31889 | P33: =SUM(O33:O34) -> 311.09186 | Q33: =N33+P33 -> 6343.8919 | R33: ='DESPESAS COMPLEMENTARES'!M83 -> 2528.87 | S33: =ROUND(Q33+R33,2) -> 8872.76 | T33: =M33/($M$16+$M$21+$M$27+$M$40+$M$59+$M$81+$M$93) -> 0.0014948103 | U33: =M33/$M$40 -> 0.038033099
C34: Trabalho Técnico Social | D34: 20 | E34: h | F34: 1 | G34: Técnico de Nível Superior | H34: URBEL | I34: 31.40.32 | J34: ='COMPOSIÇÃO HORA TÉCNICA'!E8 -> 31.83 | K34: K | L34: ='COMPOSIÇÃO HORA TÉCNICA'!$F$8 -> 75.41 | M34: =ROUND(D34*F34*L34,2) -> 1508.2 | O34: 77.772965 | T34: =M34/($M$16+$M$21+$M$27+$M$40+$M$59+$M$81+$M$93) -> 0.00049827009 | U34: =M34/$M$40 -> 0.0126777
B35: Diagnóstico Integrado | C35: Integrado | D35: 40 | E35: h | F35: 1 | G35: Arquiteto Júnior | H35: SINAPI | I35: 33939 | J35: ='COMPOSIÇÃO HORA TÉCNICA'!E6 -> 60.510171 | K35: K | L35: ='COMPOSIÇÃO HORA TÉCNICA'!F6 -> 143.35 | M35: =ROUND(D35*F35*L35,2) -> 5734 | N35: =SUM(M35:M39) -> 22279 | O35: 295.68372 | P35: =SUM(O35:O39) -> 1148.8555 | Q35: =N35+P35 -> 23427.856 | R35: ='DESPESAS COMPLEMENTARES'!M91 -> 2695.87 | S35: =ROUND(Q35+R35,2) -> 26123.73 | T35: =M35/($M$16+$M$21+$M$27+$M$40+$M$59+$M$81+$M$93) -> 0.0018943646 | U35: =M35/$M$40 -> 0.048199131
D36: 40 | E36: h | F36: 1 | G36: Técnico de Nível Superior | H36: URBEL | I36: 31.40.32 | J36: ='COMPOSIÇÃO HORA TÉCNICA'!E8 -> 31.83 | K36: K | L36: ='COMPOSIÇÃO HORA TÉCNICA'!$F$8 -> 75.41 | M36: =ROUND(D36*F36*L36,2) -> 3016.4 | O36: 155.54593 | T36: =M36/($M$16+$M$21+$M$27+$M$40+$M$59+$M$81+$M$93) -> 0.00099654018 | U36: =M36/$M$40 -> 0.025355399
D37: 40 | E37: h | F37: 1 | G37: Advogado Sênior | H37: DNIT | I37: P8003 | J37: ='COMPOSIÇÃO HORA TÉCNICA'!E9 -> 54.21 | K37: K | L37: ='COMPOSIÇÃO HORA TÉCNICA'!F9 -> 128.42 | M37: =ROUND(D37*F37*L37,2) -> 5136.8 | O37: 264.88806 | T37: =M37/($M$16+$M$21+$M$27+$M$40+$M$59+$M$81+$M$93) -> 0.0016970652 | U37: =M37/$M$40 -> 0.043179159
D38: 40 | E38: h | F38: 1 | G38: Engenheiro Intermediário | H38: SUDECAP | I38: 56.11.05 | J38: ='COMPOSIÇÃO HORA TÉCNICA'!E5 -> 72.64 | K38: K | L38: ='COMPOSIÇÃO HORA TÉCNICA'!F5 -> 172.09 | M38: =ROUND(D38*F38*L38,2) -> 6883.6 | O38: 354.96485 | T38: =M38/($M$16+$M$21+$M$27+$M$40+$M$59+$M$81+$M$93) -> 0.0022741626 | U38: =M38/$M$40 -> 0.057862494
C39: Trabalho Técnico Social | D39: 20 | E39: h | F39: 1 | G39: Técnico de Nível Superior | H39: URBEL | I39: 31.40.32 | J39: ='COMPOSIÇÃO HORA TÉCNICA'!E8 -> 31.83 | K39: K | L39: ='COMPOSIÇÃO HORA TÉCNICA'!$F$8 -> 75.41 | M39: =ROUND(D39*F39*L39,2) -> 1508.2 | O39: 77.772965 | T39: =M39/($M$16+$M$21+$M$27+$M$40+$M$59+$M$81+$M$93) -> 0.00049827009 | U39: =M39/$M$40 -> 0.0126777
M40: =SUM(M28:M39) -> 118964.8
A41: PROPOSTAS DE SOLUÇÃO DE DESCONFORMIDADES | B41: Relatório de Cenário de Intervenção Integrada | C41: Estudo de Cenário de Intervenção Integrada | D41: 60 | E41: h | F41: 1 | G41: Arquiteto Júnior | H41: SINAPI | I41: 33939 | J41: ='COMPOSIÇÃO HORA TÉCNICA'!E6 -> 60.510171 | K41: K | L41: ='COMPOSIÇÃO HORA TÉCNICA'!F6 -> 143.35 | M41: =ROUND(D41*F41*L41,2) -> 8601 | N41: =SUM(M41:M44) -> 22489.32 | O41: 443.52557 | P41: =SUM(O40:O44) -> 1159.701 | Q41: =N41+P41 -> 23649.021 | R41: ='DESPESAS COMPLEMENTARES'!M101 -> 4829.27 | S41: =ROUND(Q41+R41,2) -> 28478.29 | T41: =M41/($M$16+$M$21+$M$27+$M$40+$M$59+$M$81+$M$93) -> 0.0028415469 | U41: =M41/$M$59 -> 0.06296794
D42: 16 | E42: h | F42: 1 | G42: Advogado Sênior | H42: DNIT | I42: P8003 | J42: ='COMPOSIÇÃO HORA TÉCNICA'!E9 -> 54.21 | K42: K | L42: ='COMPOSIÇÃO HORA TÉCNICA'!F9 -> 128.42 | M42: =ROUND(D42*F42*L42,2) -> 2054.72 | O42: 105.95522 | T42: =M42/($M$16+$M$21+$M$27+$M$40+$M$59+$M$81+$M$93) -> 0.0006788261 | U42: =M42/$M$59 -> 0.01504261
D43: 60 | E43: h | F43: 1 | G43: Engenheiro Intermediário | H43: SUDECAP | I43: 56.11.05 | J43: ='COMPOSIÇÃO HORA TÉCNICA'!E5 -> 72.64 | K43: K | L43: ='COMPOSIÇÃO HORA TÉCNICA'!F5 -> 172.09 | M43: =ROUND(D43*F43*L43,2) -> 10325.4 | O43: 532.44727 | T43: =M43/($M$16+$M$21+$M$27+$M$40+$M$59+$M$81+$M$93) -> 0.0034112439 | U43: =M43/$M$59 -> 0.075592276
C44: Trabalho Técnico Social | D44: 20 | E44: h | F44: 1 | G44: Técnico de Nível Superior | H44: URBEL | I44: 31.40.32 | J44: ='COMPOSIÇÃO HORA TÉCNICA'!E8 -> 31.83 | K44: K | L44: ='COMPOSIÇÃO HORA TÉCNICA'!$F$8 -> 75.41 | M44: =ROUND(D44*F44*L44,2) -> 1508.2 | O44: 77.772965 | T44: =M44/($M$16+$M$21+$M$27+$M$40+$M$59+$M$81+$M$93) -> 0.00049827009 | U44: =M44/$M$40 -> 0.0126777
B45: Propostas de Intervenção Físico-Urbano-Ambientais | C45: Propostas de Intervenção Físico-Urbano-Ambiental | D45: 120 | E45: h | F45: 2 | G45: Arquiteto Júnior | H45: SINAPI | I45: 33939 | J45: ='COMPOSIÇÃO HORA TÉCNICA'!E6 -> 60.510171 | K45: K | L45: ='COMPOSIÇÃO HORA TÉCNICA'!F6 -> 143.35 | M45: =ROUND(D45*F45*L45,2) -> 34404 | N45: =SUM(M45:M49) -> 68426.5 | O45: 1774.1023 | P45: =SUM(O45:O49) -> 3528.5319 | Q45: =N45+P45 -> 71955.032 | R45: ='DESPESAS COMPLEMENTARES'!M109 -> 2963.19 | S45: =ROUND(Q45+R45,2) -> 74918.22 | T45: =M45/($M$16+$M$21+$M$27+$M$40+$M$59+$M$81+$M$93) -> 0.011366188 | U45: =M45/$M$59 -> 0.25187176
D46: 120 | E46: h | F46: 1 | G46: Engenheiro Intermediário | H46: SUDECAP | I46: 56.11.05 | J46: ='COMPOSIÇÃO HORA TÉCNICA'!E5 -> 72.64 | K46: K | L46: ='COMPOSIÇÃO HORA TÉCNICA'!F5 -> 172.09 | M46: =ROUND(D46*F46*L46,2) -> 20650.8 | O46: 1064.8945 | T46: =M46/($M$16+$M$21+$M$27+$M$40+$M$59+$M$81+$M$93) -> 0.0068224877 | U46: =M46/$M$59 -> 0.15118455
C47: Plano de Intervenção Integrada | D47: 40 | E47: h | F47: 1 | G47: Engenheiro Intermediário | H47: SUDECAP | I47: 56.11.05 | J47: ='COMPOSIÇÃO HORA TÉCNICA'!E5 -> 72.64 | K47: K | L47: ='COMPOSIÇÃO HORA TÉCNICA'!F5 -> 172.09 | M47: =ROUND(D47*F47*L47,2) -> 6883.6 | O47: 354.96485 | T47: =M47/($M$16+$M$21+$M$27+$M$40+$M$59+$M$81+$M$93) -> 0.0022741626 | U47: =M47/$M$59 -> 0.050394851
D48: 40 | E48: h | F48: 1 | G48: Arquiteto Júnior | H48: SINAPI | I48: 33939 | J48: ='COMPOSIÇÃO HORA TÉCNICA'!E6 -> 60.510171 | K48: K | L48: ='COMPOSIÇÃO HORA TÉCNICA'!F6 -> 143.35 | M48: =ROUND(D48*F48*L48,2) -> 5734 | O48: 295.68372 | T48: =M48/($M$16+$M$21+$M$27+$M$40+$M$59+$M$81+$M$93) -> 0.0018943646 | U48: =M48/$M$59 -> 0.041978627
C49: Trabalho Técnico Social | D49: 10 | E49: h | F49: 1 | G49: Técnico de Nível Superior | H49: URBEL | I49: 31.40.32 | J49: ='COMPOSIÇÃO HORA TÉCNICA'!E8 -> 31.83 | K49: K | L49: ='COMPOSIÇÃO HORA TÉCNICA'!$F$8 -> 75.41 | M49: =ROUND(D49*F49*L49,2) -> 754.1 | O49: 38.886482 | T49: =M49/($M$16+$M$21+$M$27+$M$40+$M$59+$M$81+$M$93) -> 0.00024913505 | U49: =M49/$M$40 -> 0.0063388498
B50: Propostas de Intervenção Socioeconômico-Organizativas | C50: Propostas de Intervenção Socioeconômica-Organizativas | D50: 40 | E50: h | F50: 1 | G50: Técnico de Nível Superior | H50: URBEL | I50: 31.40.32 | J50: ='COMPOSIÇÃO HORA TÉCNICA'!E8 -> 31.83 | K50: K | L50: ='COMPOSIÇÃO HORA TÉCNICA'!$F$8 -> 75.41 | M50: =ROUND(D50*F50*L50,2) -> 3016.4 | N50: =M50+M51 -> 4524.6 | O50: 155.54593 | P50: =SUM(O50:O51) -> 233.31889 | Q50: =N50+P50 -> 4757.9189 | R50: ='DESPESAS COMPLEMENTARES'!M118 -> 1089.2 | S50: =ROUND(Q50+R50,2) -> 5847.12 | T50: =M50/($M$16+$M$21+$M$27+$M$40+$M$59+$M$81+$M$93) -> 0.00099654018 | U50: =M50/$M$59 -> 0.022083071
C51: Trabalho Técnico Social | D51: 20 | E51: h | F51: 1 | G51: Técnico de Nível Superior | H51: URBEL | I51: 31.40.32 | J51: ='COMPOSIÇÃO HORA TÉCNICA'!E8 -> 31.83 | K51: K | L51: ='COMPOSIÇÃO HORA TÉCNICA'!$F$8 -> 75.41 | M51: =ROUND(D51*F51*L51,2) -> 1508.2 | O51: 77.772965 | T51: =M51/($M$16+$M$21+$M$27+$M$40+$M$59+$M$81+$M$93) -> 0.00049827009 | U51: =M51/$M$40 -> 0.0126777
B52: Propostas de Intervenção Jurídico-Legais | C52: Propostas de Intervenção Jurídico-Legais | D52: 40 | E52: h | F52: 1 | G52: Advogado Sênior | H52: DNIT | I52: P8003 | J52: ='COMPOSIÇÃO HORA TÉCNICA'!E9 -> 54.21 | K52: K | L52: ='COMPOSIÇÃO HORA TÉCNICA'!F9 -> 128.42 | M52: =ROUND(D52*F52*L52,2) -> 5136.8 | N52: =SUM(M52:M54) -> 10572.2 | O52: 264.88806 | P52: =SUM(O52:O54) -> 545.17394 | Q52: =N52+P52 -> 11117.374 | R52: ='DESPESAS COMPLEMENTARES'!M123 -> 1089.2 | S52: =ROUND(Q52+R52,2) -> 12206.57 | T52: =M52/($M$16+$M$21+$M$27+$M$40+$M$59+$M$81+$M$93) -> 0.0016970652 | U52: =M52/$M$59 -> 0.037606524
C53: Plano de Regularização Fundiária | D53: 20 | E53: h | F53: 1 | G53: Arquiteto Júnior | H53: SINAPI | I53: 33939 | J53: ='COMPOSIÇÃO HORA TÉCNICA'!E6 -> 60.510171 | K53: K | L53: ='COMPOSIÇÃO HORA TÉCNICA'!F6 -> 143.35 | M53: =ROUND(D53*F53*L53,2) -> 2867 | O53: 147.84186 | T53: =M53/($M$16+$M$21+$M$27+$M$40+$M$59+$M$81+$M$93) -> 0.00094718231 | U53: =M53/$M$59 -> 0.020989313
D54: 20 | E54: h | F54: 1 | G54: Advogado Sênior | H54: DNIT | I54: P8003 | J54: ='COMPOSIÇÃO HORA TÉCNICA'!E9 -> 54.21 | K54: K | L54: ='COMPOSIÇÃO HORA TÉCNICA'!F9 -> 128.42 | M54: =ROUND(D54*F54*L54,2) -> 2568.4 | O54: 132.44403 | T54: =M54/($M$16+$M$21+$M$27+$M$40+$M$59+$M$81+$M$93) -> 0.00084853262 | U54: =M54/$M$59 -> 0.018803262
B55: Estimativas de Custos de Urbanização | C55: Estimativa de custos de Urbanização | D55: 100 | E55: h | F55: 1 | G55: Engenheiro Intermediário | H55: SUDECAP | I55: 56.11.05 | J55: ='COMPOSIÇÃO HORA TÉCNICA'!E5 -> 72.64 | K55: K | L55: ='COMPOSIÇÃO HORA TÉCNICA'!F5 -> 172.09 | M55: =ROUND(D55*F55*L55,2) -> 17209 | N55: =M55 -> 17209 | O55: 887.41211 | P55: =O55 -> 887.41211 | Q55: =N55+P55 -> 18096.412 | R55: ='DESPESAS COMPLEMENTARES'!M128 -> 1197.19 | S55: =ROUND(Q55+R55,2) -> 19293.6 | T55: =M55/($M$16+$M$21+$M$27+$M$40+$M$59+$M$81+$M$93) -> 0.0056854065 | U55: =M55/$M$59 -> 0.12598713
B56: Hierarquização de Ações e Obras | C56: Hierarquização de Ações e Obras | D56: 40 | E56: h | F56: 1 | G56: Arquiteto Júnior | H56: SINAPI | I56: 33939 | J56: ='COMPOSIÇÃO HORA TÉCNICA'!E6 -> 60.510171 | K56: K | L56: ='COMPOSIÇÃO HORA TÉCNICA'!F6 -> 143.35 | M56: =ROUND(D56*F56*L56,2) -> 5734 | N56: =SUM(M56:M58) -> 13371.7 | O56: 295.68372 | P56: =SUM(O56:O58) -> 689.53504 | Q56: =N56+P56 -> 14061.235 | R56: ='DESPESAS COMPLEMENTARES'!M133 -> 2082.61 | S56: =ROUND(Q56+R56,2) -> 16143.85 | T56: =M56/($M$16+$M$21+$M$27+$M$40+$M$59+$M$81+$M$93) -> 0.0018943646 | U56: =M56/$M$59 -> 0.041978627
D57: 40 | E57: h | F57: 1 | G57: Engenheiro Intermediário | H57: SUDECAP | I57: 56.11.05 | J57: ='COMPOSIÇÃO HORA TÉCNICA'!E5 -> 72.64 | K57: K | L57: ='COMPOSIÇÃO HORA TÉCNICA'!F5 -> 172.09 | M57: =ROUND(D57*F57*L57,2) -> 6883.6 | O57: 354.96485 | T57: =M57/($M$16+$M$21+$M$27+$M$40+$M$59+$M$81+$M$93) -> 0.0022741626 | U57: =M57/$M$59 -> 0.050394851
C58: Trabalho Técnico Social | D58: 10 | E58: h | F58: 1 | G58: Técnico de Nível Superior | H58: URBEL | I58: 31.40.32 | J58: ='COMPOSIÇÃO HORA TÉCNICA'!E8 -> 31.83 | K58: K | L58: ='COMPOSIÇÃO HORA TÉCNICA'!$F$8 -> 75.41 | M58: =ROUND(D58*F58*L58,2) -> 754.1 | O58: 38.886482 | T58: =M58/($M$16+$M$21+$M$27+$M$40+$M$59+$M$81+$M$93) -> 0.00024913505 | U58: =M58/$M$40 -> 0.0063388498
M59: =SUM(M41:M58) -> 136593.32
A60: ETAPA 02 – PROJETO DE REGULARIZAÇÃO FUNDIÁRIA SUSTENTÁVEL
A61: REGULARIZAÇÃO FUNDIÁRIA URBANA REURB | B61: Relatório elucidativo dos procedimentos técnicos e administrativos referentes à Demarcação Urbanística | C61: Auto de Demarcação Urbanística | D61: 40 | E61: h | F61: 1 | G61: Arquiteto Júnior | H61: SINAPI | I61: 33939 | J61: ='COMPOSIÇÃO HORA TÉCNICA'!E6 -> 60.510171 | K61: K | L61: ='COMPOSIÇÃO HORA TÉCNICA'!F6 -> 143.35 | M61: =ROUND(D61*F61*L61,2) -> 5734 | N61: =SUM(M61:M68) -> 26890.6 | O61: 295.68372 | P61: =SUM(O61:O68) -> 1386.6607 | Q61: =N61+P61 -> 28277.261 | R61: ='DESPESAS COMPLEMENTARES'!M144 -> 2971.65 | S61: =ROUND(Q61+R61,2) -> 31248.91 | T61: =M61/($M$16+$M$21+$M$27+$M$40+$M$59+$M$81+$M$93) -> 0.0018943646 | U61: =M61/$M$81 -> 0.01244241
D62: 40 | E62: h | F62: 1 | G62: Advogado Sênior | H62: DNIT | I62: P8003 | J62: ='COMPOSIÇÃO HORA TÉCNICA'!E9 -> 54.21 | K62: K | L62: ='COMPOSIÇÃO HORA TÉCNICA'!F9 -> 128.42 | M62: =ROUND(D62*F62*L62,2) -> 5136.8 | O62: 264.88806 | T62: =M62/($M$16+$M$21+$M$27+$M$40+$M$59+$M$81+$M$93) -> 0.0016970652 | U62: =M62/$M$81 -> 0.011146524
C63: Notificações dos titulares de domínio e confrontantes | D63: 20 | E63: h | F63: 1 | G63: Arquiteto Júnior | H63: SINAPI | I63: 33939 | J63: ='COMPOSIÇÃO HORA TÉCNICA'!E6 -> 60.510171 | K63: K | L63: ='COMPOSIÇÃO HORA TÉCNICA'!F6 -> 143.35 | M63: =ROUND(D63*F63*L63,2) -> 2867 | O63: 147.84186 | T63: =M63/($M$16+$M$21+$M$27+$M$40+$M$59+$M$81+$M$93) -> 0.00094718231 | U63: =M63/$M$81 -> 0.006221205
D64: 40 | E64: h | F64: 1 | G64: Advogado Sênior | H64: DNIT | I64: P8003 | J64: ='COMPOSIÇÃO HORA TÉCNICA'!E9 -> 54.21 | K64: K | L64: ='COMPOSIÇÃO HORA TÉCNICA'!F9 -> 128.42 | M64: =ROUND(D64*F64*L64,2) -> 5136.8 | O64: 264.88806 | T64: =M64/($M$16+$M$21+$M$27+$M$40+$M$59+$M$81+$M$93) -> 0.0016970652 | U64: =M64/$M$81 -> 0.011146524
D65: 40 | E65: unidades | F65: - | G65: AR | H65: CORREIOS | I65: AR | J65: 21.35 | K65: TRDE | L65: =ROUND(J65*$L$100,2) -> 26.81 | M65: =ROUND(D65*L65,2) -> 1072.4 | O65: 55.300177 | T65: =M65/($M$16+$M$21+$M$27+$M$40+$M$59+$M$81+$M$93) -> 0.0003542931 | U65: =M65/$M$81 -> 0.0023270388
C66: Lavratura dos autos e averbação | D66: 20 | E66: h | F66: 1 | G66: Arquiteto Júnior | H66: SINAPI | I66: 33939 | J66: ='COMPOSIÇÃO HORA TÉCNICA'!E6 -> 60.510171 | K66: K | L66: ='COMPOSIÇÃO HORA TÉCNICA'!F6 -> 143.35 | M66: =ROUND(D66*F66*L66,2) -> 2867 | O66: 147.84186 | T66: =M66/($M$16+$M$21+$M$27+$M$40+$M$59+$M$81+$M$93) -> 0.00094718231 | U66: =M66/$M$81 -> 0.006221205
D67: 20 | E67: h | F67: 1 | G67: Advogado Sênior | H67: DNIT | I67: P8003 | J67: ='COMPOSIÇÃO HORA TÉCNICA'!E9 -> 54.21 | K67: K | L67: ='COMPOSIÇÃO HORA TÉCNICA'!F9 -> 128.42 | M67: =ROUND(D67*F67*L67,2) -> 2568.4 | O67: 132.44403 | T67: =M67/($M$16+$M$21+$M$27+$M$40+$M$59+$M$81+$M$93) -> 0.00084853262 | U67: =M67/$M$81 -> 0.0055732622
C68: Trabalho Técnico Social | D68: 20 | E68: h | F68: 1 | G68: Técnico de Nível Superior | H68: URBEL | I68: 31.40.32 | J68: ='COMPOSIÇÃO HORA TÉCNICA'!E8 -> 31.83 | K68: K | L68: ='COMPOSIÇÃO HORA TÉCNICA'!$F$8 -> 75.41 | M68: =ROUND(D68*F68*L68,2) -> 1508.2 | O68: 77.772965 | T68: =M68/($M$16+$M$21+$M$27+$M$40+$M$59+$M$81+$M$93) -> 0.00049827009 | U68: =M68/$M$40 -> 0.0126777
B69: Projeto de Parcelamento preliminar | C69: Elaboração do projeto de parcelamento preliminar e memorial descritivo da área a ser regularizada | D69: 20 | E69: h | F69: 1 | G69: Técnico de Nível Superior | H69: URBEL | I69: 31.40.32 | J69: ='COMPOSIÇÃO HORA TÉCNICA'!E8 -> 31.83 | K69: K | L69: ='COMPOSIÇÃO HORA TÉCNICA'!$F$8 -> 75.41 | M69: =ROUND(D69*F69*L69,2) -> 1508.2 | N69: =M69+M70 -> 41646.2 | O69: 77.772965 | P69: =SUM(O69:O70) -> 2147.559 | Q69: =N69+P69 -> 43793.759 | R69: ='DESPESAS COMPLEMENTARES'!M154 -> 707.46 | S69: =ROUND(Q69+R69,2) -> 44501.22 | T69: =M69/($M$16+$M$21+$M$27+$M$40+$M$59+$M$81+$M$93) -> 0.00049827009 | U69: =M69/$M$81 -> 0.0032726967
D70: 140 | E70: h | F70: 2 | G70: Arquiteto Júnior | H70: SINAPI | I70: 33939 | J70: ='COMPOSIÇÃO HORA TÉCNICA'!E6 -> 60.510171 | K70: K | L70: ='COMPOSIÇÃO HORA TÉCNICA'!F6 -> 143.35 | M70: =ROUND(D70*F70*L70,2) -> 40138 | O70: 2069.786 | T70: =M70/($M$16+$M$21+$M$27+$M$40+$M$59+$M$81+$M$93) -> 0.013260552 | U70: =M70/$M$81 -> 0.087096869
B71: Listagem preliminar das unidades e beneficiários | C71: Elaboração da listagem preliminar das unidades e beneficiários | D71: 40 | E71: h | F71: 1 | G71: Advogado Sênior | H71: DNIT | I71: P8003 | J71: ='COMPOSIÇÃO HORA TÉCNICA'!E9 -> 54.21 | K71: K | L71: ='COMPOSIÇÃO HORA TÉCNICA'!F9 -> 128.42 | M71: =ROUND(D71*F71*L71,2) -> 5136.8 | N71: =M71 -> 5136.8 | O71: 264.88806 | P71: =O71 -> 264.88806 | Q71: =N71+P71 -> 5401.6881 | R71: ='DESPESAS COMPLEMENTARES'!M160 -> 753.42 | S71: =ROUND(Q71+R71,2) -> 6155.11 | T71: =M71/($M$16+$M$21+$M$27+$M$40+$M$59+$M$81+$M$93) -> 0.0016970652 | U71: =M71/$M$81 -> 0.011146524
B72: Relatório demonstrativo do Plantão de Conferência Documental e Parcelamento | C72: Plantão de Conferência Documental e Parcelamento | D72: 240 | E72: h | F72: 6 | G72: Técnico de Nível Superior | H72: URBEL | I72: 31.40.32 | J72: ='COMPOSIÇÃO HORA TÉCNICA'!E8 -> 31.83 | K72: K | L72: ='COMPOSIÇÃO HORA TÉCNICA'!$F$8 -> 75.41 | M72: =ROUND(D72*F72*L72,2) -> 108590.4 | N72: =SUM(M72:M74) -> 208219.2 | O72: 5599.6535 | P72: =SUM(O72:O74) -> 10737.186 | Q72: =N72+P72 -> 218956.39 | R72: ='DESPESAS COMPLEMENTARES'!M162 -> 8056.66 | S72: =ROUND(Q72+R72,2) -> 227013.05 | T72: =M72/($M$16+$M$21+$M$27+$M$40+$M$59+$M$81+$M$93) -> 0.035875447 | U72: =M72/$M$81 -> 0.23563416
D73: 240 | E73: h | F73: 1 | G73: Advogado Sênior | H73: DNIT | I73: P8003 | J73: ='COMPOSIÇÃO HORA TÉCNICA'!E9 -> 54.21 | K73: K | L73: ='COMPOSIÇÃO HORA TÉCNICA'!F9 -> 128.42 | M73: =ROUND(D73*F73*L73,2) -> 30820.8 | O73: 1589.3283 | T73: =M73/($M$16+$M$21+$M$27+$M$40+$M$59+$M$81+$M$93) -> 0.010182391 | U73: =M73/$M$81 -> 0.066879147
D74: 240 | E74: h | F74: 2 | G74: Arquiteto Júnior | H74: SINAPI | I74: 33939 | J74: ='COMPOSIÇÃO HORA TÉCNICA'!E6 -> 60.510171 | K74: K | L74: ='COMPOSIÇÃO HORA TÉCNICA'!F6 -> 143.35 | M74: =ROUND(D74*F74*L74,2) -> 68808 | O74: 3548.2046 | T74: =M74/($M$16+$M$21+$M$27+$M$40+$M$59+$M$81+$M$93) -> 0.022732375 | U74: =M74/$M$81 -> 0.14930892
B75: Projeto de Regularização Fundiária | C75: Trabalho Técnico Social | D75: 20 | E75: h | F75: 1 | G75: Técnico de Nível Superior | H75: URBEL | I75: 31.40.32 | J75: ='COMPOSIÇÃO HORA TÉCNICA'!E8 -> 31.83 | K75: K | L75: ='COMPOSIÇÃO HORA TÉCNICA'!$F$8 -> 75.41 | M75: =ROUND(D75*F75*L75,2) -> 1508.2 | N75: =M75+M76 -> 70316.2 | O75: 77.772965 | P75: =SUM(O75:O76) -> 3625.9776 | Q75: =N75+P75 -> 73942.178 | R75: ='DESPESAS COMPLEMENTARES'!M174 -> 1870 | S75: =ROUND(Q75+R75,2) -> 75812.18 | T75: =M75/($M$16+$M$21+$M$27+$M$40+$M$59+$M$81+$M$93) -> 0.00049827009 | U75: =M75/$M$40 -> 0.0126777
C76: Consolidação do Projeto de Regularização Fundiária - PRF | D76: 240 | E76: h | F76: 2 | G76: Arquiteto Júnior | H76: SINAPI | I76: 33939 | J76: ='COMPOSIÇÃO HORA TÉCNICA'!E6 -> 60.510171 | K76: K | L76: ='COMPOSIÇÃO HORA TÉCNICA'!F6 -> 143.35 | M76: =ROUND(D76*F76*L76,2) -> 68808 | O76: 3548.2046 | T76: =M76/($M$16+$M$21+$M$27+$M$40+$M$59+$M$81+$M$93) -> 0.022732375 | U76: =M76/$M$81 -> 0.14930892
B77: Relatório demonstrativo do Plantão Pré-Titulação | C77: Plantão Pré-Titulação | D77: 120 | E77: h | F77: 6 | G77: Técnico de Nível Superior | H77: URBEL | I77: 31.40.32 | J77: ='COMPOSIÇÃO HORA TÉCNICA'!E8 -> 31.83 | K77: K | L77: ='COMPOSIÇÃO HORA TÉCNICA'!$F$8 -> 75.41 | M77: =ROUND(D77*F77*L77,2) -> 54295.2 | N77: =SUM(M77:M79) -> 104109.6 | O77: 2799.8267 | P77: =SUM(O77:O79) -> 5368.5932 | Q77: =N77+P77 -> 109478.19 | R77: ='DESPESAS COMPLEMENTARES'!M184 -> 7381.53 | S77: =ROUND(Q77+R77,2) -> 116859.72 | T77: =M77/($M$16+$M$21+$M$27+$M$40+$M$59+$M$81+$M$93) -> 0.017937723 | U77: =M77/$M$81 -> 0.11781708
D78: 120 | E78: h | F78: 1 | G78: Advogado Sênior | H78: DNIT | I78: P8003 | J78: ='COMPOSIÇÃO HORA TÉCNICA'!E9 -> 54.21 | K78: K | L78: ='COMPOSIÇÃO HORA TÉCNICA'!F9 -> 128.42 | M78: =ROUND(D78*F78*L78,2) -> 15410.4 | O78: 794.66417 | T78: =M78/($M$16+$M$21+$M$27+$M$40+$M$59+$M$81+$M$93) -> 0.0050911957 | U78: =M78/$M$81 -> 0.033439573
D79: 120 | E79: h | F79: 2 | G79: Arquiteto Júnior | H79: SINAPI | I79: 33939 | J79: ='COMPOSIÇÃO HORA TÉCNICA'!E6 -> 60.510171 | K79: K | L79: ='COMPOSIÇÃO HORA TÉCNICA'!$F$6 -> 143.35 | M79: =ROUND(D79*F79*L79,2) -> 34404 | O79: 1774.1023 | T79: =M79/($M$16+$M$21+$M$27+$M$40+$M$59+$M$81+$M$93) -> 0.011366188 | U79: =M79/$M$81 -> 0.074654459
B80: Banco de Dados Consolidado | C80: Consolidação do Banco de Dados | D80: 60 | E80: h | F80: 1 | G80: Técnico de Nível Superior | H80: URBEL | I80: 31.40.32 | J80: ='COMPOSIÇÃO HORA TÉCNICA'!E8 -> 31.83 | K80: K | L80: ='COMPOSIÇÃO HORA TÉCNICA'!$F$8 -> 75.41 | M80: =ROUND(D80*F80*L80,2) -> 4524.6 | N80: =M80 -> 4524.6 | O80: 233.31889 | P80: =O80 -> 233.31889 | Q80: =N80+P80 -> 4757.9189 | R80: ='DESPESAS COMPLEMENTARES'!M195 -> 848.85 | S80: =ROUND(Q80+R80,2) -> 5606.77 | T80: =M80/($M$16+$M$21+$M$27+$M$40+$M$59+$M$81+$M$93) -> 0.0014948103 | U80: =M80/$M$81 -> 0.00981809
M81: =SUM(M61:M80) -> 460843.2
A82: TITULAÇÃO | B82: Registro da CRF no Cartório de Registro de Imóveis | C82: Elaboração da CRF e protocolo no cartório de registro de imóveis | D82: 60 | E82: h | F82: 1 | G82: Advogado Sênior | H82: DNIT | I82: P8003 | J82: ='COMPOSIÇÃO HORA TÉCNICA'!E9 -> 54.21 | K82: K | L82: ='COMPOSIÇÃO HORA TÉCNICA'!F9 -> 128.42 | M82: =ROUND(D82*F82*L82,2) -> 7705.2 | N82: =M82+M83 -> 9213.4 | O82: 397.33208 | P82: =SUM(O82:O83) -> 475.10505 | Q82: =N82+P82 -> 9688.505 | R82: ='DESPESAS COMPLEMENTARES'!M200 -> 4037.56 | S82: =ROUND(Q82+R82,2) -> 13726.07 | T82: =M82/($M$16+$M$21+$M$27+$M$40+$M$59+$M$81+$M$93) -> 0.0025455979 | U82: =M82/M93 -> 0.1876911
C83: Trabalho Técnico Social | D83: 20 | E83: h | F83: 1 | G83: Técnico de Nível Superior | H83: URBEL | I83: 31.40.32 | J83: ='COMPOSIÇÃO HORA TÉCNICA'!E8 -> 31.83 | K83: K | L83: ='COMPOSIÇÃO HORA TÉCNICA'!$F$8 -> 75.41 | M83: =ROUND(D83*F83*L83,2) -> 1508.2 | O83: 77.772965 | T83: =M83/($M$16+$M$21+$M$27+$M$40+$M$59+$M$81+$M$93) -> 0.00049827009 | U83: =M83/$M$40 -> 0.0126777
B84: Certidões de registro dos títulos individualizados | C84: Resolução das pendências cartorárias | D84: 40 | E84: h | F84: 1 | G84: Arquiteto Júnior | H84: SINAPI | I84: 33939 | J84: ='COMPOSIÇÃO HORA TÉCNICA'!E6 -> 60.510171 | K84: K | L84: ='COMPOSIÇÃO HORA TÉCNICA'!$F$6 -> 143.35 | M84: =ROUND(D84*F84*L84,2) -> 5734 | N84: =SUM(M84:M87) -> 15395.4 | O84: 295.68372 | P84: =SUM(O84:O87) -> 793.89067 | Q84: =N84+P84 -> 16189.291 | R84: ='DESPESAS COMPLEMENTARES'!M210 -> 3613.93 | S84: =ROUND(Q84+R84,2) -> 19803.22 | T84: =M84/($M$16+$M$21+$M$27+$M$40+$M$59+$M$81+$M$93) -> 0.0018943646 | U84: =M84/$M$40 -> 0.048199131
D85: 40 | E85: h | F85: 1 | G85: Técnico de Nível Superior | H85: URBEL | I85: 31.40.32 | J85: ='COMPOSIÇÃO HORA TÉCNICA'!E8 -> 31.83 | K85: K | L85: ='COMPOSIÇÃO HORA TÉCNICA'!$F$8 -> 75.41 | M85: =ROUND(D85*F85*L85,2) -> 3016.4 | O85: 155.54593 | T85: =M85/($M$16+$M$21+$M$27+$M$40+$M$59+$M$81+$M$93) -> 0.00099654018 | U85: =M85/$M$40 -> 0.025355399
D86: 40 | E86: h | F86: 1 | G86: Advogado Sênior | H86: DNIT | I86: P8003 | J86: ='COMPOSIÇÃO HORA TÉCNICA'!E9 -> 54.21 | K86: K | L86: ='COMPOSIÇÃO HORA TÉCNICA'!F9 -> 128.42 | M86: =ROUND(D86*F86*L86,2) -> 5136.8 | O86: 264.88806 | T86: =M86/($M$16+$M$21+$M$27+$M$40+$M$59+$M$81+$M$93) -> 0.0016970652 | U86: =M86/$M$40 -> 0.043179159
C87: Trabalho Técnico Social | D87: 20 | E87: h | F87: 1 | G87: Técnico de Nível Superior | H87: URBEL | I87: 31.40.32 | J87: ='COMPOSIÇÃO HORA TÉCNICA'!E8 -> 31.83 | K87: K | L87: ='COMPOSIÇÃO HORA TÉCNICA'!$F$8 -> 75.41 | M87: =ROUND(D87*F87*L87,2) -> 1508.2 | O87: 77.772965 | T87: =M87/($M$16+$M$21+$M$27+$M$40+$M$59+$M$81+$M$93) -> 0.00049827009 | U87: =M87/$M$40 -> 0.0126777
B88: Documentos finais sistematizados | C88: Atualização do Banco de Dados | D88: 40 | E88: h | F88: 1 | G88: Técnico de Nível Superior | H88: URBEL | I88: 31.40.32 | J88: ='COMPOSIÇÃO HORA TÉCNICA'!E8 -> 31.83 | K88: K | L88: ='COMPOSIÇÃO HORA TÉCNICA'!$F$8 -> 75.41 | M88: =ROUND(D88*F88*L88,2) -> 3016.4 | N88: =M88+M89 -> 6032.8 | O88: 155.54593 | P88: =SUM(O88:O89) -> 311.09186 | Q88: =N88+P88 -> 6343.8919 | R88: ='DESPESAS COMPLEMENTARES'!M220 -> 2598.92 | S88: =ROUND(Q88+R88,2) -> 8942.81 | T88: =M88/($M$16+$M$21+$M$27+$M$40+$M$59+$M$81+$M$93) -> 0.00099654018 | U88: =M88/$M$40 -> 0.025355399
C89: Consolidação dos dossiês individuais por domicílio | D89: 40 | E89: h | F89: 1 | G89: Técnico de Nível Superior | H89: URBEL | I89: 31.40.32 | J89: ='COMPOSIÇÃO HORA TÉCNICA'!E8 -> 31.83 | K89: K | L89: ='COMPOSIÇÃO HORA TÉCNICA'!$F$8 -> 75.41 | M89: =ROUND(D89*F89*L89,2) -> 3016.4 | O89: 155.54593 | T89: =M89/($M$16+$M$21+$M$27+$M$40+$M$59+$M$81+$M$93) -> 0.00099654018 | U89: =M89/$M$40 -> 0.025355399
B90: Relatório síntese do resultado das assembleias de entrega de títulos | C90: Assembleia de Encerramento e Titulação | D90: 12 | E90: h | F90: 6 | G90: Técnico de Nível Superior | H90: URBEL | I90: 31.40.32 | J90: ='COMPOSIÇÃO HORA TÉCNICA'!E8 -> 31.83 | K90: K | L90: ='COMPOSIÇÃO HORA TÉCNICA'!$F$8 -> 75.41 | M90: =ROUND(D90*F90*L90,2) -> 5429.52 | N90: =SUM(M90:M92) -> 10410.96 | O90: 279.98267 | P90: =SUM(O90:O92) -> 536.85932 | Q90: =N90+P90 -> 10947.819 | R90: ='DESPESAS COMPLEMENTARES'!M227 -> 8420.16 | S90: =ROUND(Q90+R90,2) -> 19367.98 | T90: =M90/($M$16+$M$21+$M$27+$M$40+$M$59+$M$81+$M$93) -> 0.0017937723 | U90: =M90/$M$40 -> 0.045639719
D91: 12 | E91: h | F91: 2 | G91: Arquiteto Júnior | H91: SINAPI | I91: 33939 | J91: ='COMPOSIÇÃO HORA TÉCNICA'!E6 -> 60.510171 | K91: K | L91: ='COMPOSIÇÃO HORA TÉCNICA'!$F$6 -> 143.35 | M91: =ROUND(D91*F91*L91,2) -> 3440.4 | O91: 177.41023 | T91: =M91/($M$16+$M$21+$M$27+$M$40+$M$59+$M$81+$M$93) -> 0.0011366188 | U91: =M91/$M$40 -> 0.028919479
D92: 12 | E92: h | F92: 1 | G92: Advogado Sênior | H92: DNIT | I92: P8003 | J92: ='COMPOSIÇÃO HORA TÉCNICA'!E9 -> 54.21 | K92: K | L92: ='COMPOSIÇÃO HORA TÉCNICA'!F9 -> 128.42 | M92: =ROUND(D92*F92*L92,2) -> 1541.04 | O92: 79.466417 | T92: =M92/($M$16+$M$21+$M$27+$M$40+$M$59+$M$81+$M$93) -> 0.00050911957 | U92: =M92/$M$40 -> 0.012953748
M93: =SUM(M82:M92) -> 41052.56
A94: GERAL – COMUM ÀS ETAPAS 01 E 02
A95: COORDENAÇÃO GERAL | B95: Distribuído ao longo dos produtos | C95: Coordenação geral | D95: 1000 | E95: h | F95: 1 | G95: Arquiteto Sênior | H95: SINAPI | I95: 33953 | J95: ='COMPOSIÇÃO HORA TÉCNICA'!E7 -> 65.856359 | K95: K | L95: ='COMPOSIÇÃO HORA TÉCNICA'!F7 -> 156.01 | M95: =ROUND(D95*F95*L95,2) -> 156010 | N95: - | O95: - | P95: - | Q95: - | R95: - | S95: Distribuído ao longo dos produtos
A96: POSTO DE APOIO NO LOCAL | B96: Medição bimestral separada dos produtos | C96: Atendimento por Técnico Social | D96: =#REF! -> #REF! | E96: h | F96: 1 | G96: Técnico de Nível Superior | H96: URBEL | I96: 31.40.32 | J96: ='COMPOSIÇÃO HORA TÉCNICA'!$D$8 -> - | K96: K | L96: ='COMPOSIÇÃO HORA TÉCNICA'!$F$8 -> 75.41 | M96: =ROUND(D96*F96*L96,2) -> #REF! | N96: - | O96: - | P96: - | Q96: - | R96: - | S96: =M96 -> #REF!
B97: Medição bimestral separada dos produtos | C97: Locação de imóvel (incluídos impostos e taxas) | D97: =#REF! -> #REF! | E97: mês | F97: - | G97: - | H97: URBEL | I97: 31.40.53 | J97: 3556.9 | K97: TRDE | L97: 4366.73 | N97: - | O97: - | P97: - | Q97: - | R97: - | S97: =M97 -> 0
A98: SUBTOTAL S/ DESPESAS COMPLEMENTARES: | M98: =M16+M21+M27+M40+M59+M81+M93+M95 -> 3182882.4 | O98: TOTAL C/ DESPESAS COMPLEMENTARES | S98: =S4+S11+S13+S17+S18+S22+S28+S30+S33+S35+S41+S45+S50+S52+S55+S56+S61+S69+S71+S72+S75+S77+S80+S82+S84+S88+S90 -> 3315092.5
L100: ='COMPOSIÇÃO HORA TÉCNICA'!C15 -> 1.2557078
A103: REFERÊNCIAS DE ORÇAMENTO:
...

Sheet COMPOSIÇÃO HORA TÉCNICA
B1: PLANO INTEGRADO DE URBANIZAÇÃO E REGULARIZAÇÃO FUNDIÁRIA IPÊ AMARELO, VILA ESPERANÇA E VILA ESTALEIRO ANEXO 4 - COMPOSIÇÃO DE PREÇO DE HORA TÉCNICA
B4: Profissional | C4: Fonte/ Código | D4: CUSTO TOTAL HORA | E4: CUSTO DIRETO MÃO DE OBRA* | F4: CUSTO HORA-TÉCNICA* | H4: Encargos e Tributos incidentes sobre os serviços | I4: %
B5: Engenheiro Intermediário (H) | C5: SUDECAP / 56.11.05 | D5: - | E5: 72.64 | F5: =ROUND(E5*$C$16,2) -> 172.09 | H5: ENCARGOS SOCIAIS | I5: 73.66
B6: Arquiteto Júnior (H) | C6: SINAPI / 33939 | D6: 131.18 | E6: =D6/2.1679 -> 60.510171 | F6: =ROUND(E6*$C$16,2) -> 143.35
B7: Arquiteto Sênior (H) | C7: SINAPI / 33953 | D7: 142.77 | E7: =D7/2.1679 -> 65.856359 | F7: =ROUND(E7*$C$16,2) -> 156.01 | H7: PIS | I7: 1.32
B8: TÉCNICO DE NÍVEL SUPERIOR SÊNIOR (H) | C8: URBEL / 31.40.32 | D8: - | E8: 31.83 | F8: =ROUND(E8*$C$16,2) -> 75.41 | H8: COFINS | I8: 6.08
B9: Advogado Sênior (H) | C9: DNIT / P8003 | D9: - | E9: 54.21 | F9: =ROUND(E9*$C$16,2) -> 128.42 | H9: ISS | I9: 5
B13: Parâmetros adotados | D13: Identificação
B14: DD | C14: 0 | D14: Despesas diretas
B15: TRDE* (1+k3)(1+k4) | C15: =(1+C19/100)*(1+C20/100) -> 1.2557078 | D15: Taxa de ressarcimento de despesas e encargos
B16: K* (1+k1+k2)(1+k3)(1+k4) | C16: =((1+C17/100+C18/100)*(1+C19/100)*(1+C20/100)) -> 2.3690183 | D16: FATOR K
B17: K1 | C17: =I5 -> 73.66 | D17: Encargos sociais incidentes sobre a mão de obra
B18: K2 | C18: 15 | D18: Administração central da empresa de consultoria (ou overhead)
B19: K3 | C19: 10 | D19: Remuneração bruta da empresa de consultoria
B20: K4* 1/(1-I) | C20: =((1/(1-SUM(I7:I9)/100))-1)*100 -> 14.155251 | D20: Fator relativo aos tributos incidentes sobre o preço de venda

Sheet DESPESAS COMPLEMENTARES
A1: PLANO INTEGRADO DE URBANIZAÇÃO E REGULARIZAÇÃO FUNDIÁRIA IPÊ AMARELO, VILA ESPERANÇA E VILA ESTALEIRO ANEXO 3.3.1 - DESPESAS COMPLEMENTARES: VILA ESTALEIRO
A2: FASE | B2: PRODUTO | C2: TIPO | D2: ITEM | E2: QUANTIDADE | F2: UNIDADE | G2: REFERÊNCIA | H2: CÓDIGO | I2: CUSTO UNITÁRIO | J2: FATOR DE PREÇO | K2: CUSTO UNITÁRIO C/ FATOR DE PREÇO | L2: CUSTO TOTAL POR ITEM | M2: CUSTO TOTAL DO PRODUTO | N2: percentual do contrato | O2: percentual da etapa
A3: LEVANTAMENTO SITUACIONAL E PESQUISA DOMINIAL | B3: Relatório de Levantamento Situacional | C3: PEÇAS GRÁFICAS | D3: Xerox preto/branco - Formato A4 | E3: 1000 | F3: unidades | G3: SUDECAP | H3: 94.07.01 | I3: =I243 -> 0.5 | J3: TRDE | K3: =I3*'COMPOSIÇÃO HORA TÉCNICA'!$C$15 -> 0.62785388 | L3: =ROUND(E3*K3,2) -> 627.85 | M3: =SUM(L3:L15) -> 12285.2 | N3: ='MEMÓRIA DE CÁLCULO'!#REF! -> #REF! | O3: ='MEMÓRIA DE CÁLCULO'!#REF! -> #REF!
D4: Plotagem colorida sulfite - Formato A4 | E4: 1400 | F4: unidades | G4: SUDECAP | H4: 94.15.01 | I4: =I244 -> 2 | J4: TRDE | K4: =I4*'COMPOSIÇÃO HORA TÉCNICA'!$C$15 -> 2.5114155 | L4: =ROUND(E4*K4,2) -> 3515.98
D5: Plotagem colorida sulfite - Formato A2 | E5: 8 | F5: unidades | G5: SUDECAP | H5: 94.15.03 | I5: =I245 -> 9.5 | J5: TRDE | K5: =I5*'COMPOSIÇÃO HORA TÉCNICA'!$C$15 -> 11.929224 | L5: =ROUND(E5*K5,2) -> 95.43
D6: Plotagem colorida sulfite - Formato A1 | E6: 2 | F6: unidades | G6: SUDECAP | H6: 94.15.04 | I6: =I246 -> 12 | J6: TRDE | K6: =I6*'COMPOSIÇÃO HORA TÉCNICA'!$C$15 -> 15.068493 | L6: =ROUND(E6*K6,2) -> 30.14
D7: Papel couchê fosco 120 gramas 210 X 297 pacote 75 folhas | E7: 3 | F7: unidades | G7: URBEL | H7: 71.20.98 | I7: =I248 -> 24.97 | J7: TRDE | K7: =I7*'COMPOSIÇÃO HORA TÉCNICA'!$C$15 -> 31.355023 | L7: =ROUND(E7*K7,2) -> 94.07
D8: Pasta argola | E8: 1 | F8: unidades | G8: PESQUISA DE PREÇO | H8: - | I8: =I250 -> 31.4 | J8: TRDE | K8: =I8*'COMPOSIÇÃO HORA TÉCNICA'!$C$15 -> 39.429224 | L8: =ROUND(E8*K8,2) -> 39.43
C9: TRABALHO TÉCNICO SOCIAL | D9: Caneta esferográfica azul 1mm cx 50 unid | E9: 1 | F9: unidades | G9: URBEL | H9: 71.19.47 | I9: =I236 -> 49.73 | J9: TRDE | K9: =I9*'COMPOSIÇÃO HORA TÉCNICA'!$C$15 -> 62.446347 | L9: =ROUND(E9*K9,2) -> 62.45
D10: Banner em lona 1,0x1,2m | E10: 2 | F10: unidades | G10: URBEL | H10: 71.06.01 | I10: =I237 -> 95.23 | J10: TRDE | K10: =I10*'COMPOSIÇÃO HORA TÉCNICA'!$C$15 -> 119.58105 | L10: =ROUND(E10*K10,2) -> 239.16
D11: Locação de mesa de plástico polipropileno - 04 lugares | E11: 16 | F11: unidades | G11: URBEL | H11: 71.21.72 | I11: =I239 -> 7.41 | J11: TRDE | K11: =I11*'COMPOSIÇÃO HORA TÉCNICA'!$C$15 -> 9.3047945 | L11: =ROUND(E11*K11,2) -> 148.88
D12: Locação de cadeira de plástico em polipropileno, sem braços | E12: 1000 | F12: unidades | G12: URBEL | H12: 71.21.71 | I12: =I240 -> 3.07 | J12: TRDE | K12: =I12*'COMPOSIÇÃO HORA TÉCNICA'!$C$15 -> 3.8550228 | L12: =ROUND(E12*K12,2) -> 3855.02
C13: INFORMÁTICA | D13: HD externo 1TB USB portátil | E13: 1 | F13: unidade | G13: URBEL | H13: 31.42.99 | I13: =I252 -> 518.33 | J13: TRDE | K13: =I13*'COMPOSIÇÃO HORA TÉCNICA'!$C$15 -> 650.871 | L13: =ROUND(E13*K13,2) -> 650.87
C14: LOGÍSTICA | D14: Locação veículo popular motor 1.0 c/ ar e seguro | E14: 0.7 | F14: mês | G14: SUDECAP | H14: 50.40.06 | I14: =I254 -> 2441.57 | J14: TRDE | K14: =I14*'COMPOSIÇÃO HORA TÉCNICA'!$C$15 -> 3065.8984 | L14: =ROUND(E14*K14,2) -> 2146.13
D15: Gasolina comum | E15: 100 | F15: litros | G15: SINAPI | H15: 4222 | I15: =I255 -> 6.21 | J15: TRDE | K15: =I15*'COMPOSIÇÃO HORA TÉCNICA'!$C$15 -> 7.7979452 | L15: =ROUND(E15*K15,2) -> 779.79
B16: Plano de Mobilização, Organização e Capacitação Social | C16: PEÇAS GRÁFICAS | D16: Xerox preto/branco - Formato A4 | E16: 300 | F16: unidades | G16: SUDECAP | H16: 94.07.01 | I16: =I243 -> 0.5 | J16: TRDE | K16: =I16*'COMPOSIÇÃO HORA TÉCNICA'!$C$15 -> 0.62785388 | L16: =ROUND(E16*K16,2) -> 188.36 | M16: =SUM(L16:L26) -> 3044.31 | N16: ='MEMÓRIA DE CÁLCULO'!#REF! -> #REF! | O16: ='MEMÓRIA DE CÁLCULO'!#REF! -> #REF!
D17: Plotagem colorida sulfite - Formato A4 | E17: 300 | F17: unidades | G17: SUDECAP | H17: 94.15.01 | I17: =I244 -> 2 | J17: TRDE | K17: =I17*'COMPOSIÇÃO HORA TÉCNICA'!$C$15 -> 2.5114155 | L17: =ROUND(E17*K17,2) -> 753.42
D18: Plotagem colorida sulfite - Formato A2 | E18: 2 | F18: unidades | G18: SUDECAP | H18: 94.15.03 | I18: =I245 -> 9.5 | J18: TRDE | K18: =I18*'COMPOSIÇÃO HORA TÉCNICA'!$C$15 -> 11.929224 | L18: =ROUND(E18*K18,2) -> 23.86
D19: Plotagem colorida sulfite - Formato A1 | E19: 1 | F19: unidades | G19: SUDECAP | H19: 94.15.04 | I19: =I246 -> 12 | J19: TRDE | K19: =I19*'COMPOSIÇÃO HORA TÉCNICA'!$C$15 -> 15.068493 | L19: =ROUND(E19*K19,2) -> 15.07
D20: Papel couchê fosco 120 gramas 210 X 297 pacote 75 folhas | E20: 2 | F20: unidades | G20: URBEL | H20: 71.20.98 | I20: =I248 -> 24.97 | J20: TRDE | K20: =I20*'COMPOSIÇÃO HORA TÉCNICA'!$C$15 -> 31.355023 | L20: =ROUND(E20*K20,2) -> 62.71
D21: Pasta argola | E21: 1 | F21: unidades | G21: PESQUISA DE PREÇO | H21: - | I21: =I250 -> 31.4 | J21: TRDE | K21: =I21*'COMPOSIÇÃO HORA TÉCNICA'!$C$15 -> 39.429224 | L21: =ROUND(E21*K21,2) -> 39.43
C22: TRABALHO TÉCNICO SOCIAL | D22: Camiseta em malha | E22: 30 | F22: unidades | G22: URBEL | H22: 71.21.59 | I22: =I234 -> 26.35 | J22: TRDE | K22: =I22*'COMPOSIÇÃO HORA TÉCNICA'!$C$15 -> 33.0879 | L22: =ROUND(E22*K22,2) -> 992.64
D23: Pasta de plástico com elástico | E23: 40 | F23: unidades | G23: URBEL | H23: 71.19.28 | I23: =I235 -> 4.02 | J23: TRDE | K23: =I23*'COMPOSIÇÃO HORA TÉCNICA'!$C$15 -> 5.0479452 | L23: =ROUND(E23*K23,2) -> 201.92
D24: Caneta esferográfica azul 1mm cx 50 unid | E24: 1 | F24: unidades | G24: URBEL | H24: 71.19.47 | I24: =I236 -> 49.73 | J24: TRDE | K24: =I24*'COMPOSIÇÃO HORA TÉCNICA'!$C$15 -> 62.446347 | L24: =ROUND(E24*K24,2) -> 62.45
D25: Locação de cadeira de plástico em polipropileno, sem braços | E25: 60 | F25: unidades | G25: URBEL | H25: 71.21.71 | I25: =I240 -> 3.07 | J25: TRDE | K25: =I25*'COMPOSIÇÃO HORA TÉCNICA'!$C$15 -> 3.8550228 | L25: =ROUND(E25*K25,2) -> 231.3
D26: Lanche | E26: 60 | F26: unidades | G26: URBEL | H26: 71.06.13 | I26: =I241 -> 6.28 | J26: TRDE | K26: =I26*'COMPOSIÇÃO HORA TÉCNICA'!$C$15 -> 7.8858447 | L26: =ROUND(E26*K26,2) -> 473.15
B27: Relatório de Pesquisa Dominial e Cartorária | C27: PEÇAS GRÁFICAS | D27: Xerox preto/branco - Formato A4 | E27: 300 | F27: unidades | G27: SUDECAP | H27: 94.07.01 | I27: =I243 -> 0.5 | J27: TRDE | K27: =I27*'COMPOSIÇÃO HORA TÉCNICA'!$C$15 -> 0.62785388 | L27: =ROUND(E27*K27,2) -> 188.36 | M27: =SUM(L27:L33) -> 1930.05 | N27: ='MEMÓRIA DE CÁLCULO'!#REF! -> #REF! | O27: ='MEMÓRIA DE CÁLCULO'!#REF! -> #REF!
D28: Plotagem colorida sulfite - Formato A4 | E28: 300 | F28: unidades | G28: SUDECAP | H28: 94.15.01 | I28: =I244 -> 2 | J28: TRDE | K28: =I28*'COMPOSIÇÃO HORA TÉCNICA'!$C$15 -> 2.5114155 | L28: =ROUND(E28*K28,2) -> 753.42
D29: Plotagem colorida sulfite - Formato A2 | E29: 6 | F29: unidades | G29: SUDECAP | H29: 94.15.03 | I29: =I245 -> 9.5 | J29: TRDE | K29: =I29*'COMPOSIÇÃO HORA TÉCNICA'!$C$15 -> 11.929224 | L29: =ROUND(E29*K29,2) -> 71.58
D30: Plotagem colorida sulfite - Formato A1 | E30: 2 | F30: unidades | G30: SUDECAP | H30: 94.15.04 | I30: =I246 -> 12 | J30: TRDE | K30: =I30*'COMPOSIÇÃO HORA TÉCNICA'!$C$15 -> 15.068493 | L30: =ROUND(E30*K30,2) -> 30.14
D31: Pasta argola | E31: 1 | F31: unidades | G31: PESQUISA DE PREÇO | H31: - | I31: =I250 -> 31.4 | J31: TRDE | K31: =I31*'COMPOSIÇÃO HORA TÉCNICA'!$C$15 -> 39.429224 | L31: =ROUND(E31*K31,2) -> 39.43
C32: LOGÍSTICA | D32: Locação veículo popular motor 1.0 c/ ar e seguro | E32: 0.2 | F32: mês | G32: SUDECAP | H32: 50.40.06 | I32: =I254 -> 2441.57 | J32: TRDE | K32: =I32*'COMPOSIÇÃO HORA TÉCNICA'!$C$15 -> 3065.8984 | L32: =ROUND(E32*K32,2) -> 613.18
D33: Gasolina comum | E33: 30 | F33: litros | G33: SINAPI | H33: 4222 | I33: =I255 -> 6.21 | J33: TRDE | K33: =I33*'COMPOSIÇÃO HORA TÉCNICA'!$C$15 -> 7.7979452 | L33: =ROUND(E33*K33,2) -> 233.94
A36: ATUALIZAÇÃO DA BASE CARTOGRÁFICA | B36: Levantamento Planialtimétrico Cadastral | C36: PEÇAS GRÁFICAS | D36: Xerox preto/branco - Formato A4 | E36: 200 | F36: unidades | G36: SUDECAP | H36: 94.07.01 | I36: =I243 -> 0.5 | J36: TRDE | K36: =I36*'COMPOSIÇÃO HORA TÉCNICA'!$C$15 -> 0.62785388 | L36: =ROUND(E36*K36,2) -> 125.57 | M36: =SUM(L36:L45) -> 23302.98
D37: Plotagem colorida sulfite - Formato A4 | E37: 200 | F37: unidades | G37: SUDECAP | H37: 94.15.01 | I37: =I244 -> 2 | J37: TRDE | K37: =I37*'COMPOSIÇÃO HORA TÉCNICA'!$C$15 -> 2.5114155 | L37: =ROUND(E37*K37,2) -> 502.28
D38: Plotagem colorida sulfite - Formato A2 | E38: 60 | F38: unidades | G38: SUDECAP | H38: 94.15.03 | I38: =I245 -> 9.5 | J38: TRDE | K38: =I38*'COMPOSIÇÃO HORA TÉCNICA'!$C$15 -> 11.929224 | L38: =ROUND(E38*K38,2) -> 715.75
D39: Plotagem colorida sulfite - Formato A1 | E39: 60 | F39: unidades | G39: SUDECAP | H39: 94.15.04 | I39: =I246 -> 12 | J39: TRDE | K39: =I39*'COMPOSIÇÃO HORA TÉCNICA'!$C$15 -> 15.068493 | L39: =ROUND(E39*K39,2) -> 904.11
D40: Plotagem colorida sulfite - Formato A1 (estendido) | E40: 12 | F40: unidades | G40: SUDECAP | H40: 94.15.07 | I40: =I247 -> 15 | J40: TRDE | K40: =I40*'COMPOSIÇÃO HORA TÉCNICA'!$C$15 -> 18.835616 | L40: =ROUND(E40*K40,2) -> 226.03
D41: Pasta argola | E41: 2 | F41: unidades | G41: PESQUISA DE PREÇO | H41: - | I41: =I250 -> 31.4 | J41: TRDE | K41: =I41*'COMPOSIÇÃO HORA TÉCNICA'!$C$15 -> 39.429224 | L41: =ROUND(E41*K41,2) -> 78.86
C42: TRABALHO TÉCNICO SOCIAL | D42: Locação de cadeira de plástico em polipropileno, sem braços | E42: 30 | F42: unidades | G42: URBEL | H42: 71.21.71 | I42: =I240 -> 3.07 | J42: TRDE | K42: =I42*'COMPOSIÇÃO HORA TÉCNICA'!$C$15 -> 3.8550228 | L42: =ROUND(E42*K42,2) -> 115.65
D43: Lanche | E43: 30 | F43: unidades | G43: URBEL | H43: 71.06.13 | I43: =I241 -> 6.28 | J43: TRDE | K43: =I43*'COMPOSIÇÃO HORA TÉCNICA'!$C$15 -> 7.8858447 | L43: =ROUND(E43*K43,2) -> 236.58
C44: LOGÍSTICA | D44: Locação veículo popular motor 1.0 c/ ar e seguro | E44: 5 | F44: mês | G44: SUDECAP | H44: 50.40.06 | I44: =I254 -> 2441.57 | J44: TRDE | K44: =I44*'COMPOSIÇÃO HORA TÉCNICA'!$C$15 -> 3065.8984 | L44: =ROUND(E44*K44,2) -> 15329.49
D45: Gasolina comum | E45: 650 | F45: litros | G45: SINAPI | H45: 4222 | I45: =I255 -> 6.21 | J45: TRDE | K45: =I45*'COMPOSIÇÃO HORA TÉCNICA'!$C$15 -> 7.7979452 | L45: =ROUND(E45*K45,2) -> 5068.66
B46: Base Cartográfica Atualizada | C46: PEÇAS GRÁFICAS | D46: Xerox preto/branco - Formato A4 | E46: 200 | F46: unidades | G46: SUDECAP | H46: 94.07.01 | I46: =I243 -> 0.5 | J46: TRDE | K46: =I46*'COMPOSIÇÃO HORA TÉCNICA'!$C$15 -> 0.62785388 | L46: =ROUND(E46*K46,2) -> 125.57 | M46: =SUM(L46:L53) -> 2904.83
D47: Plotagem colorida sulfite - Formato A4 | E47: 200 | F47: unidades | G47: SUDECAP | H47: 94.15.01 | I47: =I244 -> 2 | J47: TRDE | K47: =I47*'COMPOSIÇÃO HORA TÉCNICA'!$C$15 -> 2.5114155 | L47: =ROUND(E47*K47,2) -> 502.28
D48: Plotagem colorida sulfite - Formato A2 | E48: 60 | F48: unidades | G48: SUDECAP | H48: 94.15.03 | I48: =I245 -> 9.5 | J48: TRDE | K48: =I48*'COMPOSIÇÃO HORA TÉCNICA'!$C$15 -> 11.929224 | L48: =ROUND(E48*K48,2) -> 715.75
D49: Plotagem colorida sulfite - Formato A1 | E49: 60 | F49: unidades | G49: SUDECAP | H49: 94.15.04 | I49: =I246 -> 12 | J49: TRDE | K49: =I49*'COMPOSIÇÃO HORA TÉCNICA'!$C$15 -> 15.068493 | L49: =ROUND(E49*K49,2) -> 904.11
D50: Plotagem colorida sulfite - Formato A1 (estendido) | E50: 12 | F50: unidades | G50: SUDECAP | H50: 94.15.07 | I50: =I247 -> 15 | J50: TRDE | K50: =I50*'COMPOSIÇÃO HORA TÉCNICA'!$C$15 -> 18.835616 | L50: =ROUND(E50*K50,2) -> 226.03
D51: Pasta argola | E51: 2 | F51: unidades | G51: PESQUISA DE PREÇO | H51: - | I51: =I250 -> 31.4 | J51: TRDE | K51: =I51*'COMPOSIÇÃO HORA TÉCNICA'!$C$15 -> 39.429224 | L51: =ROUND(E51*K51,2) -> 78.86
C52: TRABALHO TÉCNICO SOCIAL | D52: Locação de cadeira de plástico em polipropileno, sem braços | E52: 30 | F52: unidades | G52: URBEL | H52: 71.21.71 | I52: =I240 -> 3.07 | J52: TRDE | K52: =I52*'COMPOSIÇÃO HORA TÉCNICA'!$C$15 -> 3.8550228 | L52: =ROUND(E52*K52,2) -> 115.65
D53: Lanche | E53: 30 | F53: unidades | G53: URBEL | H53: 71.06.13 | I53: =I241 -> 6.28 | J53: TRDE | K53: =I53*'COMPOSIÇÃO HORA TÉCNICA'!$C$15 -> 7.8858447 | L53: =ROUND(E53*K53,2) -> 236.58
A56: SELAGEM E CADASTRO SOCIOECONÔMICO E FUNDIÁRIO | B56: Relatório da fase de Selagem e Cadastro Socioeconômico e Fundiário, incluindo como anexo o arquivo digital do Banco de Dados Preliminar e os prontuários separados por selo | C56: PEÇAS GRÁFICAS | D56: Xerox preto/branco - Formato A4 | E56: 2000 | F56: unidades | G56: SUDECAP | H56: 94.07.01 | I56: =I243 -> 0.5 | J56: TRDE | K56: =I56*'COMPOSIÇÃO HORA TÉCNICA'!$C$15 -> 0.62785388 | L56: =ROUND(E56*K56,2) -> 1255.71 | M56: =SUM(L56:L66) -> 22296.59
D57: Plotagem colorida sulfite - Formato A4 | E57: 1000 | F57: unidades | G57: SUDECAP | H57: 94.15.01 | I57: =I244 -> 2 | J57: TRDE | K57: =I57*'COMPOSIÇÃO HORA TÉCNICA'!$C$15 -> 2.5114155 | L57: =ROUND(E57*K57,2) -> 2511.42
D58: Plotagem colorida sulfite - Formato A2 | E58: 10 | F58: unidades | G58: SUDECAP | H58: 94.15.03 | I58: =I245 -> 9.5 | J58: TRDE | K58: =I58*'COMPOSIÇÃO HORA TÉCNICA'!$C$15 -> 11.929224 | L58: =ROUND(E58*K58,2) -> 119.29
D59: Plotagem colorida sulfite - Formato A1 | E59: 10 | F59: unidades | G59: SUDECAP | H59: 94.15.04 | I59: =I246 -> 12 | J59: TRDE | K59: =I59*'COMPOSIÇÃO HORA TÉCNICA'!$C$15 -> 15.068493 | L59: =ROUND(E59*K59,2) -> 150.68
D60: Plotagem colorida sulfite - Formato A1 (estendido) | E60: 8 | F60: unidades | G60: SUDECAP | H60: 94.15.07 | I60: =I247 -> 15 | J60: TRDE | K60: =I60*'COMPOSIÇÃO HORA TÉCNICA'!$C$15 -> 18.835616 | L60: =ROUND(E60*K60,2) -> 150.68
D61: Etiqueta adesiva A4, cx com 100 folhas | E61: 8 | F61: unidades | G61: URBEL | H61: 31.43.45 | I61: =I249 -> 84.54 | J61: TRDE | K61: =I61*'COMPOSIÇÃO HORA TÉCNICA'!$C$15 -> 106.15753 | L61: =ROUND(E61*K61,2) -> 849.26
D62: Pasta argola | E62: 6 | F62: unidades | G62: PESQUISA DE PREÇO | H62: - | I62: =I250 -> 31.4 | J62: TRDE | K62: =I62*'COMPOSIÇÃO HORA TÉCNICA'!$C$15 -> 39.429224 | L62: =ROUND(E62*K62,2) -> 236.58
C63: TRABALHO TÉCNICO SOCIAL | D63: Locação de cadeira de plástico em polipropileno, sem braços | E63: 60 | F63: unidades | G63: URBEL | H63: 71.21.71 | I63: =I240 -> 3.07 | J63: TRDE | K63: =I63*'COMPOSIÇÃO HORA TÉCNICA'!$C$15 -> 3.8550228 | L63: =ROUND(E63*K63,2) -> 231.3
D64: Lanche | E64: 60 | F64: unidades | G64: URBEL | H64: 71.06.13 | I64: =I241 -> 6.28 | J64: TRDE | K64: =I64*'COMPOSIÇÃO HORA TÉCNICA'!$C$15 -> 7.8858447 | L64: =ROUND(E64*K64,2) -> 473.15
C65: LOGÍSTICA | D65: Locação veículo popular motor 1.0 c/ ar e seguro | E65: 4 | F65: mês | G65: SUDECAP | H65: 50.40.06 | I65: =I254 -> 2441.57 | J65: TRDE | K65: =I65*'COMPOSIÇÃO HORA TÉCNICA'!$C$15 -> 3065.8984 | L65: =ROUND(E65*K65,2) -> 12263.59
D66: Gasolina comum | E66: 520 | F66: litros | G66: SINAPI | H66: 4222 | I66: =I255 -> 6.21 | J66: TRDE | K66: =I66*'COMPOSIÇÃO HORA TÉCNICA'!$C$15 -> 7.7979452 | L66: =ROUND(E66*K66,2) -> 4054.93
A69: DIAGNÓSTICO | B69: Diagnóstico Setorial Jurídico | C69: PEÇAS GRÁFICAS | D69: Xerox preto/branco - Formato A4 | E69: 600 | F69: unidades | G69: SUDECAP | H69: 94.07.01 | I69: =I243 -> 0.5 | J69: TRDE | K69: =I69*'COMPOSIÇÃO HORA TÉCNICA'!$C$15 -> 0.62785388 | L69: =ROUND(E69*K69,2) -> 376.71 | M69: =SUM(L69:L74) -> 2176.64
D70: Plotagem colorida sulfite - Formato A4 | E70: 600 | F70: unidades | G70: SUDECAP | H70: 94.15.01 | I70: =I244 -> 2 | J70: TRDE | K70: =I70*'COMPOSIÇÃO HORA TÉCNICA'!$C$15 -> 2.5114155 | L70: =ROUND(E70*K70,2) -> 1506.85
D71: Plotagem colorida sulfite - Formato A2 | E71: 8 | F71: unidades | G71: SUDECAP | H71: 94.15.03 | I71: =I245 -> 9.5 | J71: TRDE | K71: =I71*'COMPOSIÇÃO HORA TÉCNICA'!$C$15 -> 11.929224 | L71: =ROUND(E71*K71,2) -> 95.43
D72: Plotagem colorida sulfite - Formato A1 | E72: 8 | F72: unidades | G72: SUDECAP | H72: 94.15.04 | I72: =I246 -> 12 | J72: TRDE | K72: =I72*'COMPOSIÇÃO HORA TÉCNICA'!$C$15 -> 15.068493 | L72: =ROUND(E72*K72,2) -> 120.55
D73: Plotagem colorida sulfite - Formato A1 (estendido) | E73: 2 | F73: unidades | G73: SUDECAP | H73: 94.15.07 | I73: =I247 -> 15 | J73: TRDE | K73: =I73*'COMPOSIÇÃO HORA TÉCNICA'!$C$15 -> 18.835616 | L73: =ROUND(E73*K73,2) -> 37.67
D74: Pasta argola | E74: 1 | F74: unidades | G74: PESQUISA DE PREÇO | H74: - | I74: =I250 -> 31.4 | J74: TRDE | K74: =I74*'COMPOSIÇÃO HORA TÉCNICA'!$C$15 -> 39.429224 | L74: =ROUND(E74*K74,2) -> 39.43
B75: Diagnóstico Setorial dos Aspectos Físico-Urbano-Ambientais | C75: PEÇAS GRÁFICAS | D75: Xerox preto/branco - Formato A4 | E75: 600 | F75: unidades | G75: SUDECAP | H75: 94.07.01 | I75: =I243 -> 0.5 | J75: TRDE | K75: =I75*'COMPOSIÇÃO HORA TÉCNICA'!$C$15 -> 0.62785388 | L75: =ROUND(E75*K75,2) -> 376.71 | M75: =SUM(L75:L82) -> 4533.89
D76: Plotagem colorida sulfite - Formato A4 | E76: 600 | F76: unidades | G76: SUDECAP | H76: 94.15.01 | I76: =I244 -> 2 | J76: TRDE | K76: =I76*'COMPOSIÇÃO HORA TÉCNICA'!$C$15 -> 2.5114155 | L76: =ROUND(E76*K76,2) -> 1506.85
D77: Plotagem colorida sulfite - Formato A2 | E77: 20 | F77: unidades | G77: SUDECAP | H77: 94.15.03 | I77: =I245 -> 9.5 | J77: TRDE | K77: =I77*'COMPOSIÇÃO HORA TÉCNICA'!$C$15 -> 11.929224 | L77: =ROUND(E77*K77,2) -> 238.58
D78: Plotagem colorida sulfite - Formato A1 | E78: 40 | F78: unidades | G78: SUDECAP | H78: 94.15.04 | I78: =I246 -> 12 | J78: TRDE | K78: =I78*'COMPOSIÇÃO HORA TÉCNICA'!$C$15 -> 15.068493 | L78: =ROUND(E78*K78,2) -> 602.74
D79: Plotagem colorida sulfite - Formato A1 (estendido) | E79: 4 | F79: unidades | G79: SUDECAP | H79: 94.15.07 | I79: =I247 -> 15 | J79: TRDE | K79: =I79*'COMPOSIÇÃO HORA TÉCNICA'!$C$15 -> 18.835616 | L79: =ROUND(E79*K79,2) -> 75.34
D80: Pasta argola | E80: 1 | F80: unidades | G80: PESQUISA DE PREÇO | H80: - | I80: =I250 -> 31.4 | J80: TRDE | K80: =I80*'COMPOSIÇÃO HORA TÉCNICA'!$C$15 -> 39.429224 | L80: =ROUND(E80*K80,2) -> 39.43
C81: LOGÍSTICA | D81: Locação veículo popular motor 1.0 c/ ar e seguro | E81: 0.4 | F81: mês | G81: SUDECAP | H81: 50.40.06 | I81: =I254 -> 2441.57 | J81: TRDE | K81: =I81*'COMPOSIÇÃO HORA TÉCNICA'!$C$15 -> 3065.8984 | L81: =ROUND(E81*K81,2) -> 1226.36
D82: Gasolina comum | E82: 60 | F82: litros | G82: SINAPI | H82: 4222 | I82: =I255 -> 6.21 | J82: TRDE | K82: =I82*'COMPOSIÇÃO HORA TÉCNICA'!$C$15 -> 7.7979452 | L82: =ROUND(E82*K82,2) -> 467.88
B83: Diagnóstico Setorial dos Aspectos Socioeconômico Organizativos | C83: PEÇAS GRÁFICAS | D83: Xerox preto/branco - Formato A4 | E83: 600 | F83: unidades | G83: SUDECAP | H83: 94.07.01 | I83: =I243 -> 0.5 | J83: TRDE | K83: =I83*'COMPOSIÇÃO HORA TÉCNICA'!$C$15 -> 0.62785388 | L83: =ROUND(E83*K83,2) -> 376.71 | M83: =SUM(L83:L90) -> 2528.87
D84: Plotagem colorida sulfite - Formato A4 | E84: 600 | F84: unidades | G84: SUDECAP | H84: 94.15.01 | I84: =I244 -> 2 | J84: TRDE | K84: =I84*'COMPOSIÇÃO HORA TÉCNICA'!$C$15 -> 2.5114155 | L84: =ROUND(E84*K84,2) -> 1506.85
D85: Plotagem colorida sulfite - Formato A2 | E85: 8 | F85: unidades | G85: SUDECAP | H85: 94.15.03 | I85: =I245 -> 9.5 | J85: TRDE | K85: =I85*'COMPOSIÇÃO HORA TÉCNICA'!$C$15 -> 11.929224 | L85: =ROUND(E85*K85,2) -> 95.43
D86: Plotagem colorida sulfite - Formato A1 | E86: 8 | F86: unidades | G86: SUDECAP | H86: 94.15.04 | I86: =I246 -> 12 | J86: TRDE | K86: =I86*'COMPOSIÇÃO HORA TÉCNICA'!$C$15 -> 15.068493 | L86: =ROUND(E86*K86,2) -> 120.55
D87: Plotagem colorida sulfite - Formato A1 (estendido) | E87: 2 | F87: unidades | G87: SUDECAP | H87: 94.15.07 | I87: =I247 -> 15 | J87: TRDE | K87: =I87*'COMPOSIÇÃO HORA TÉCNICA'!$C$15 -> 18.835616 | L87: =ROUND(E87*K87,2) -> 37.67
D88: Pasta argola | E88: 1 | F88: unidades | G88: PESQUISA DE PREÇO | H88: - | I88: =I250 -> 31.4 | J88: TRDE | K88: =I88*'COMPOSIÇÃO HORA TÉCNICA'!$C$15 -> 39.429224 | L88: =ROUND(E88*K88,2) -> 39.43
C89: TRABALHO TÉCNICO SOCIAL | D89: Locação de cadeira de plástico em polipropileno, sem braços | E89: 30 | F89: unidades | G89: URBEL | H89: 71.21.71 | I89: =I240 -> 3.07 | J89: TRDE | K89: =I89*'COMPOSIÇÃO HORA TÉCNICA'!$C$15 -> 3.8550228 | L89: =ROUND(E89*K89,2) -> 115.65
D90: Lanche | E90: 30 | F90: unidades | G90: URBEL | H90: 71.06.13 | I90: =I241 -> 6.28 | J90: TRDE | K90: =I90*'COMPOSIÇÃO HORA TÉCNICA'!$C$15 -> 7.8858447 | L90: =ROUND(E90*K90,2) -> 236.58
B91: Diagnóstico Integrado | C91: PEÇAS GRÁFICAS | D91: Xerox preto/branco - Formato A4 | E91: 600 | F91: unidades | G91: SUDECAP | H91: 94.07.01 | I91: =I243 -> 0.5 | J91: TRDE | K91: =I91*'COMPOSIÇÃO HORA TÉCNICA'!$C$15 -> 0.62785388 | L91: =ROUND(E91*K91,2) -> 376.71 | M91: =SUM(L91:L98) -> 2695.87
D92: Plotagem colorida sulfite - Formato A4 | E92: 600 | F92: unidades | G92: SUDECAP | H92: 94.15.01 | I92: =I244 -> 2 | J92: TRDE | K92: =I92*'COMPOSIÇÃO HORA TÉCNICA'!$C$15 -> 2.5114155 | L92: =ROUND(E92*K92,2) -> 1506.85
D93: Plotagem colorida sulfite - Formato A2 | E93: 10 | F93: unidades | G93: SUDECAP | H93: 94.15.03 | I93: =I245 -> 9.5 | J93: TRDE | K93: =I93*'COMPOSIÇÃO HORA TÉCNICA'!$C$15 -> 11.929224 | L93: =ROUND(E93*K93,2) -> 119.29
D94: Plotagem colorida sulfite - Formato A1 | E94: 10 | F94: unidades | G94: SUDECAP | H94: 94.15.04 | I94: =I246 -> 12 | J94: TRDE | K94: =I94*'COMPOSIÇÃO HORA TÉCNICA'!$C$15 -> 15.068493 | L94: =ROUND(E94*K94,2) -> 150.68
D95: Plotagem colorida sulfite - Formato A1 (estendido) | E95: 8 | F95: unidades | G95: SUDECAP | H95: 94.15.07 | I95: =I247 -> 15 | J95: TRDE | K95: =I95*'COMPOSIÇÃO HORA TÉCNICA'!$C$15 -> 18.835616 | L95: =ROUND(E95*K95,2) -> 150.68
D96: Pasta argola | E96: 1 | F96: unidades | G96: PESQUISA DE PREÇO | H96: - | I96: =I250 -> 31.4 | J96: TRDE | K96: =I96*'COMPOSIÇÃO HORA TÉCNICA'!$C$15 -> 39.429224 | L96: =ROUND(E96*K96,2) -> 39.43
C97: TRABALHO TÉCNICO SOCIAL | D97: Locação de cadeira de plástico em polipropileno, sem braços | E97: 30 | F97: unidades | G97: URBEL | H97: 71.21.71 | I97: =I240 -> 3.07 | J97: TRDE | K97: =I97*'COMPOSIÇÃO HORA TÉCNICA'!$C$15 -> 3.8550228 | L97: =ROUND(E97*K97,2) -> 115.65
D98: Lanche | E98: 30 | F98: unidades | G98: URBEL | H98: 71.06.13 | I98: =I241 -> 6.28 | J98: TRDE | K98: =I98*'COMPOSIÇÃO HORA TÉCNICA'!$C$15 -> 7.8858447 | L98: =ROUND(E98*K98,2) -> 236.58
A101: PROPOSTAS DE SOLUÇÃO DE DESCONFORMIDADES | B101: Relatório de Cenário de Intervenção Integrada | C101: PEÇAS GRÁFICAS | D101: Xerox preto/branco - Formato A4 | E101: 400 | F101: unidades | G101: SUDECAP | H101: 94.07.01 | I101: =I243 -> 0.5 | J101: TRDE | K101: =I101*'COMPOSIÇÃO HORA TÉCNICA'!$C$15 -> 0.62785388 | L101: =ROUND(E101*K101,2) -> 251.14 | M101: =SUM(L101:L108) -> 4829.27
D102: Plotagem colorida sulfite - Formato A4 | E102: 700 | F102: unidades | G102: SUDECAP | H102: 94.15.01 | I102: =I244 -> 2 | J102: TRDE | K102: =I102*'COMPOSIÇÃO HORA TÉCNICA'!$C$15 -> 2.5114155 | L102: =ROUND(E102*K102,2) -> 1757.99
D103: Plotagem colorida sulfite - Formato A2 | E103: 8 | F103: unidades | G103: SUDECAP | H103: 94.15.03 | I103: =I245 -> 9.5 | J103: TRDE | K103: =I103*'COMPOSIÇÃO HORA TÉCNICA'!$C$15 -> 11.929224 | L103: =ROUND(E103*K103,2) -> 95.43
D104: Plotagem colorida sulfite - Formato A1 | E104: 16 | F104: unidades | G104: SUDECAP | H104: 94.15.04 | I104: =I246 -> 12 | J104: TRDE | K104: =I104*'COMPOSIÇÃO HORA TÉCNICA'!$C$15 -> 15.068493 | L104: =ROUND(E104*K104,2) -> 241.1
D105: Plotagem colorida sulfite - Formato A1 (estendido) | E105: 4 | F105: unidades | G105: SUDECAP | H105: 94.15.07 | I105: =I247 -> 15 | J105: TRDE | K105: =I105*'COMPOSIÇÃO HORA TÉCNICA'!$C$15 -> 18.835616 | L105: =ROUND(E105*K105,2) -> 75.34
D106: Pasta argola | E106: 1 | F106: unidades | G106: PESQUISA DE PREÇO | H106: - | I106: =I250 -> 31.4 | J106: TRDE | K106: =I106*'COMPOSIÇÃO HORA TÉCNICA'!$C$15 -> 39.429224 | L106: =ROUND(E106*K106,2) -> 39.43
C107: TRABALHO TÉCNICO SOCIAL | D107: Locação de cadeira de plástico em polipropileno, sem braços | E107: 600 | F107: unidades | G107: URBEL | H107: 71.21.71 | I107: =I240 -> 3.07 | J107: TRDE | K107: =I107*'COMPOSIÇÃO HORA TÉCNICA'!$C$15 -> 3.8550228 | L107: =ROUND(E107*K107,2) -> 2313.01
D108: Locação de mesa de plástico polipropileno - 04 lugares | E108: 6 | F108: unidades | G108: URBEL | H108: 71.21.72 | I108: =I239 -> 7.41 | J108: TRDE | K108: =I108*'COMPOSIÇÃO HORA TÉCNICA'!$C$15 -> 9.3047945 | L108: =ROUND(E108*K108,2) -> 55.83
...
